 Dungeon Crawl Stone Soup version 0.32-a0-921-g04a7ad8e02 (webtiles) character file.

Game seed: 16060635934579650495

20445405 Dirtsage the Conqueror (level 27, 341/341 HPs)
             Began as a Demonspawn Monk on Apr 9, 2024.
             Was the Champion of Wu Jian.
             Escaped with the Orb
             ... and 15 runes
             ... and 3 gems on Apr 11, 2024!
             The game lasted 06:05:40 (76038 turns).

Dirtsage the Conqueror (Demonspawn Monk)           Turns: 76038, Time: 06:05:40

Health: 341/341    AC: 36    Str: 26    XL:     27
Magic:  49/49      EV: 34    Int: 11    God:    Wu Jian [******]
Gold:   12320      SH: 41    Dex: 28    Spells: 41/52 levels left

rFire   + +          +
                       - Unarmed
rCold   + + +        i - +8 tower shield {AC+3}
rNeg    + + +        Q - +8 fire dragon scales
rPois   ∞            (helmet unavailable)
rElec   +            m - scarf "Kofeber" {rC+ rF+, +Inv Fly Regen+ Int-4}
rCorr   +            A - +0 pair of gloves of the Louse {Rampage rN+ Will++ Str-3}
SInv    +            Y - +1 pair of boots of Circular Logic {rN+ Int+3 Dex+4}
Will    +++++        Z - amulet "Evviujimmo" {Reflect Str+5 SH+5}
Stlth   +            y - ring of Jetearox {rElec rC+ MP+9 Dex+6 SInv}
HPRegen 1.56/turn    o - ring of Pymm {rPois rC+++ rN+ rCorr Str+2}
MPRegen 0.31/turn

%: reflection, clarity, rampage
@: death-form, flying, studying 6 skills
A: vile attack, torment immunity, no potions, horns 3, rugged brown scales 3,
powered by death 3, robust 3, spiny 3, clarity, strong-willed 1, noise
suppression
0: Orb of Zot
}: 15/15 runes: decaying, slimy, silver, golden, iron, obsidian, icy, bone,
abyssal, demonic, glowing, magical, fiery, dark, gossamer
a: Siphon Essence, Begin Untransformation, Renounce Religion, Evoke
Invisibility, Wall Jump, Serpent's Lash, Heavenly Storm


You escaped.
You worshipped Wu Jian.
Wu Jian was exalted by your worship.
You were an undying horror.
You visited 18 branches of the dungeon, and saw 88 of its levels.
You visited Pandemonium 2 times, and saw 13 of its levels.
You visited the Abyss 3 times.
You visited 1 bazaar.
You completed 1 ziggurat, and saw 27 of its levels.
You also visited: Sewer.

You collected 19446 gold pieces.
You spent 7126 gold pieces at shops.

Inventory:

Armour
 i - a +8 tower shield of protection (worn)
 m - the scarf "Kofeber" (worn) {rC+ rF+, +Inv Fly Regen+ Int-4}
   (You found it on level 7 of Tartarus)

   Int-4:     It affects your intelligence (-4).
   +Inv:      It lets you turn invisible.
   Fly:       It grants you flight.
   Regen+:    It increases your rate of health regeneration.
 A - the +0 pair of gloves of the Louse (worn) {Rampage rN+ Will++ Str-3}
   (You found it on level 15 of a ziggurat)

   Str-3:     It affects your strength (-3).
   rN+:       It protects you from negative energy.
   Will++:    It greatly increases your willpower.
   Rampage:   It bestows one free step when moving towards enemies.
 Q - +8 fire dragon scales (worn)
 Y - the +1 pair of boots of Circular Logic (worn) {rN+ Int+3 Dex+4}
   (You found it on level 5 of the Vaults)

   Int+3:     It affects your intelligence (+3).
   Dex+4:     It affects your dexterity (+4).
   rN+:       It protects you from negative energy.
Jewellery
 o - the ring of Pymm (right hand) {rPois rC+++ rN+ rCorr Str+2}
   (You took it off a yaktaur captain on level 5 of the Vaults)

   [ring of resist corrosion]

   Str+2:     It affects your strength (+2).
   rC+++:     It renders you almost immune to cold.
   rPois:     It protects you from poison.
   rN+:       It protects you from negative energy.
   rCorr:     It protects you from acid and corrosion.
 y - the ring of Jetearox (left hand) {rElec rC+ MP+9 Dex+6 SInv}
   (You found it on level 26 of a ziggurat)

   [ring of dexterity]

   Dex+6:     It affects your dexterity (+6).
   rC+:       It protects you from cold.
   rElec:     It insulates you from electricity.
   MP+9:      It affects your magic capacity (+9).
   SInv:      It lets you see invisible.
 Z - the amulet "Evviujimmo" (around neck) {Reflect Str+5 SH+5}
   (You found it on level 5 of the Pits of Slime)

   [amulet of reflection]

   Reflect:   It reflects blocked missile attacks.
   Str+5:     It affects your strength (+5).
   SH+5:      It affects your SH (+5).
Talismans
 r - a talisman of death (active)
Wands
 k - a wand of warping (127)
 v - a wand of light (89)
 D - a wand of digging (47)
Scrolls
 a - 2 scrolls of enchant armour
 f - 3 scrolls of revelation
 g - 17 scrolls of fear
 j - 9 scrolls of noise
 p - 19 scrolls of fog
 s - 3 scrolls of summoning
 t - 33 scrolls of teleportation
 B - 18 scrolls of blinking
 K - 11 scrolls of immolation
 L - 11 scrolls of amnesia
 M - 6 scrolls of silence
 X - 10 scrolls of vulnerability
Potions
 d - 12 potions of might
 h - 14 potions of haste
 l - 23 potions of heal wounds
 n - 5 potions of resistance
 q - a potion of curing
 w - 13 potions of enlightenment
 E - 4 potions of lignification
 H - 8 potions of invisibility
 O - 7 potions of magic
 U - 6 potions of attraction
 V - 8 potions of cancellation
 W - 25 potions of mutation
Miscellaneous
 b - a lightning rod (4/4)
 I - a phantom mirror
 T - a +1 figurine of a ziggurat


   Skills:
 O Level 27 Fighting
 - Level 8.2 Throwing
 + Level 26.2 Armour
 + Level 26.7 Dodging
 + Level 25.7 Shields
 O Level 27 Unarmed Combat
 - Level 13.3 Spellcasting
 - Level 18.6 Translocations
 - Level 9.0 Air Magic
 + Level 25.8 Shapeshifting


You had 41 spell levels left.
You knew the following spells:

 Your Spells              Type           Power      Damage    Failure   Level
a - Vhi's Electric Charg  Tloc/Air       74%        N/A       1%          4
b - Manifold Assault      Tloc           24%        N/A       6%          7

Your spell library contained the following spells:

 Spells                   Type           Power      Damage    Failure   Level
 Apportation              Tloc           96%        N/A       0%          1
 Blink                    Tloc           96%        N/A       0%          2
 Lesser Beckoning         Tloc           96%        N/A       0%          2
 Momentum Strike          Conj/Tloc      54%        3d9       1%          2
 Maxwell's Portable Pile  Tloc           48%        2d(10-28) 1%          3
 Swiftness                Air            27%        N/A       1%          3
 Teleport Other           Tloc           48%        N/A       1%          3
 Volatile Blastmotes      Fire/Tloc      54%        2d14      1%          3
 Dispersal                Tloc           24%        N/A       1%          6
 Gell's Gavotte           Tloc           24%        2d(22-32) 1%          6
 Shock                    Conj/Air       68%        1d7       2%          1
 Mercury Vapours          Alch/Air       34%        N/A       3%          2
 Static Discharge         Conj/Air       34%        3-5/arc   3%          2
 Airstrike                Air            13%        2d(2-18)  3%          4
 Dimensional Bullseye     Hex/Tloc       13%        N/A       3%          4
 Iskenderun's Mystic Bla Conj/Tloc 27%            2d7        (+2d3     3%          4
 Cigotuvi's Dreadful Rot  Necr/Alch/Air  26%        N/A       7%          2
 Summon Forest            Summ/Tloc      13%        N/A       9%          5
 Mephitic Cloud           Conj/Alch/Air  13%        N/A       13%         3
 Foxfire                  Conj/Fire      28%        2x1d5     16%         1
 Freeze                   Ice            28%        1d5       16%         1
 Kiss of Death            Conj/Necr      28%        2d7       16%         1
 Magic Dart               Conj           28%        1d4       16%         1
 Necrotise                Necr           28%        1d5       16%         1
 Sandblast                Erth           14%        2d6       16%         1
 Slow                     Hex            28%        N/A       16%         1
 Sting                    Conj/Alch      28%        1d4       16%         1
 Summon Small Mammal      Summ           28%        N/A       16%         1
 Call Imp                 Summ           14%        N/A       22%         2
 Ensorcelled Hibernation  Hex/Ice        14%        N/A       22%         2
 Jinxbite                 Hex            14%        N/A       22%         2
 Scorch                   Fire           14%        2d5       22%         2
 Searing Ray              Conj           14%        2d5       22%         2
 Sublimation of Blood     Necr           7%         N/A       22%         2
 Summon Lightning Spire   Summ/Air       17%        N/A       24%         4
 Call Canine Familiar     Summ           7%         N/A       41%         3
 Confusing Touch          Hex            7%         N/A       41%         3
 Dazzling Flash           Conj/Hex       14%        N/A       41%         3
 Frozen Ramparts          Ice            14%        1d3       41%         3
 Fugue of the Fallen      Necr           7%         N/A       41%         3
 Hailstorm                Conj/Ice       7%         3d5       41%         3
 Inner Flame              Hex/Fire       7%         N/A       41%         3
 Ozocubu's Armour         Ice            7%         N/A       41%         3
 Passwall                 Erth           7%         N/A       41%         3
 Sigil of Binding         Hex            7%         N/A       41%         3
 Stone Arrow              Conj/Erth      14%        3d7       41%         3
 Summon Ice Beast         Ice/Summ       7%         N/A       41%         3
 Tukima's Dance           Hex            7%         N/A       41%         3
 Vampiric Draining        Necr           7%         2d6       41%         3
 Disjunction              Tloc           24%        N/A       43%         8
 Arcjolt                  Conj/Air       8%         1d18      54%         5
 Silence                  Hex/Air        8%         N/A       54%         5
 Freezing Cloud           Conj/Ice/Air   6%         6-21      77%         5
 Anguish                  Hex/Necr       3%         N/A       83%         4
 Animate Armour           Summ/Erth      14%        N/A       83%         4
 Animate Dead             Necr           7%         N/A       83%         4
 Brom's Barrelling Bould  Conj/Erth      7%         2d3       83%         4
 Cause Fear               Hex            3%         N/A       83%         4
 Dispel Undead            Necr           7%         3d8       83%         4
 Flame Wave               Conj/Fire      7%         2d5       83%         4
 Fulminant Prism          Conj/Alch      3%         3d5       83%         4
 Ignite Poison            Fire/Alch      7%         N/A       83%         4
 Leda's Liquefaction      Alch/Erth      3%         N/A       83%         4
 Martyr's Knell           Necr/Summ      7%         N/A       83%         4
 Olgreb's Toxic Radiance  Alch           7%         N/A       83%         4
 Petrify                  Alch/Erth      7%         N/A       83%         4
 Sticky Flame             Fire/Alch      7%         2d4       83%         4
 Summon Blazeheart Golem  Fire/Summ      7%         N/A       83%         4
 Malign Gateway           Summ/Tloc      13%        N/A       95%         7
 Conjure Ball Lightning   Conj/Air       8%         3x3d6     98%         6
 Plasma Beam              Fire/Air       8%         2x1d19    98%         6
 Alistair's Intoxication  Alch           4%         N/A       99%         5
 Borgnjor's Vile Clutch   Necr/Erth      3%         N/A       99%         5
 Curse of Agony           Necr           7%         N/A       99%         5
 Fireball                 Conj/Fire      3%         3d4       99%         5
 Irradiate                Conj/Alch      3%         3d12      99%         5
 Iskenderun's Battlesphe  Conj           7%         2d6       99%         5
 Lee's Rapid Deconstruct  Erth           3%         3d5*      99%         5
 Metabolic Englaciation   Hex/Ice        3%         N/A       99%         5
 Summon Mana Viper        Hex/Summ       7%         N/A       99%         5
 Yara's Violent Unravell  Hex/Alch       3%         3d4       99%         5
 Bombard                  Conj/Erth      3%         9d1       100%        6
 Death Channel            Necr           3%         N/A       100%        6
 Eringya's Noxious Bog    Alch           3%         4d6       100%        6
 Permafrost Eruption      Ice/Erth       3%         2x4d2     100%        6
 Sculpt Simulacrum        Ice/Alch       3%         N/A       100%        6
 Starburst                Conj/Fire      3%         6d3       100%        6
 Summon Cactus Giant      Summ           3%         N/A       100%        6
 Enfeeble                 Hex            3%         N/A       100%        7
 Haunt                    Necr/Summ      3%         N/A       100%        7
 Monstrous Menagerie      Summ           3%         N/A       100%        7
 Orb of Destruction       Conj           3%         9d5       100%        7
 Ozocubu's Refrigeration  Ice            3%         4d8       100%        7
 Spellforged Servitor     Conj/Summ      3%         N/A       100%        7
 Summon Hydra             Summ           3%         N/A       100%        7
 Borgnjor's Revivificati  Necr           3%         N/A       100%        8
 Discord                  Hex            3%         N/A       100%        8
 Ignition                 Fire           3%         3d4       100%        8
 Infestation              Necr           3%         N/A       100%        8
 Lehudib's Crystal Spear  Conj/Erth      3%         10d3      100%        8
 Maxwell's Capacitive Co  Air            13%        ∞         100%        8
 Summon Horrible Things   Summ           3%         N/A       100%        8
 Chain Lightning          Conj/Air       8%         3d11      100%        9
 Death's Door             Necr           3%         N/A       100%        9
 Dragon's Call            Summ           3%         N/A       100%        9
 Fire Storm               Conj/Fire      3%         8d1       100%        9
 Polar Vortex             Ice            3%         N/A       100%        9
 Shatter                  Erth           3%         3d7*      100%        9


Dungeon Overview and Level Annotations

Branches:
Dungeon (15/15)            Temple (1/1) D:6            Lair (5/5) D:9
  Swamp (4/4) Lair:2       Spider (4/4) Lair:3        Slime (5/5) Lair:5
    Orc (2/2) D:11            Elf (3/3) Orc:2        Vaults (5/5) D:13
  Crypt (3/3) Vaults:3       Tomb (3/3) Crypt:3      Depths (4/4) D:15
   Hell (visited)             Dis (7/7) Hell            Geh (7/7) Hell
    Coc (7/7) Hell            Tar (7/7) Hell            Zot (5/5) Depths:4
  Sewer (visited)

Altars:
Ashenzari
Cheibriados
Dithmenos
Fedhas
Gozag
Hepliaklqana
Kikubaaqudgha
Makhleb
Nemelex Xobeh
Okawaru
Qazlal
Ru
Sif Muna
Trog
Uskayaw
Vehumet
Wu Jian
Xom
Yredelemnul
Beogh
Jiyva

Shops:
D:4 (   D:6 !   D:7 =   Orc:2 [=?(   Elf:1 [   Elf:2 [   Vaults:1 =
Vaults:3 ?   Vaults:4 (*=?   Depths:4 ::(

Portals:
Hell: Depths:1 Depths:2 Depths:3 Depths:4
Abyss: D:15 Depths:1 Depths:3
Pandemonium: Depths:2
Ziggurat: Depths:3

Annotations:
D:9 1 runed translucent door, Lanoc's ghost, novice CoCK
D:15 2 transporters, Gigyvef's ghost, adept NaSh
Temple 4 transporters
Lair:1 exclusion: oklob plant
Spider:3 2 runed translucent doors, BlackSun's ghost, adept FoFi
Elf:1 2 transporters
Vaults:1 1 runed translucent door, Kamets Paeg's ghost, master HuCj
Vaults:2 3 runed translucent doors, Ukhlin's ghost, adept DsMo
Coc:3 exclusion: ice statue


Innate Abilities, Weirdness & Mutations

You are an undying horror.
Your melee and unarmed attacks drain, slow and weaken victims.
You are immune to unholy pain and torment.
You cannot drink.
You are immune to poison.
You have a pair of large horns on your head.
You are completely covered in rugged brown scales. (AC +3, +7% HP)
You regenerate a lot of health from kills.
You are extremely robust. (+30% HP)
You are completely covered in sharp spines.
You possess an exceptional clarity of mind.
You are strong-willed. (Will+)
You passively dampen the noise of your surroundings.


Message History

The shadow demon gives a loud, deep croak!
You block the Ice Fiend's attack. x2
You regained 2 hp, and now have 340/341 hp.
You rampage towards the shadow demon!
You spin and attack the Ice Fiend repeatedly.
You barely miss the Ice Fiend. You headbutt the Ice Fiend!
The Ice Fiend is lightly wounded.
You pummel the Ice Fiend like a punching bag!!!
The Ice Fiend decays.
You headbutt the Ice Fiend!
The Ice Fiend is almost dead.
You spin and attack the Ice Fiend repeatedly.
You pummel the Ice Fiend!!
You kill the Ice Fiend!
The Council accepts your kill.
Health restored: 341 You rampage towards the shadow demon!
You lunge at the shadow demon, in a flurry of attacks.
You hit the shadow demon.
The shadow demon decays.
The shadow demon is lightly wounded.
You pulverise the shadow demon!!!!
You kill the shadow demon!
The Council accepts your kill.
A Brimstone Fiend comes into view.
The Brimstone Fiend roars!
You can't go up here!
You pummel the Brimstone Fiend!!
The Brimstone Fiend decays.
The Brimstone Fiend is moderately wounded.
You pound the Brimstone Fiend into fine dust!!!
You kill the Brimstone Fiend!
The Council accepts your kill.
You see here a +0 whip.
There is a stone staircase leading up here.
You fly upwards.
There is a stone staircase leading down here.
There is a stone staircase leading up here.
You fly upwards.
There is a stone staircase leading down here.
There is an open door here.
There is a staircase leading out of the dungeon here.
You have escaped!

..#.#.......#.##.......# #...#
....#....†....##.......####)..###
#####.......#######.#.#..........
# #.......# #.'........(..... #
#.......#####.#.#.#.......... #
#...........#.#...####....#.# ###
#........####.#.### #....#.# ..#
########.# ##.#.# #....#.# #.#
#.# #z.'.# #....#.# #.##
#.####.### ####......# ...#####
#.##.#.# #.......### .......#
##....#.# #.#####.>##
...###.####.....#.#####.# #...#
#### #......#####.+..##.# #....
######## ####....# #...#
#....#####...# #..........#.#


There were no monsters in sight!

Vanquished Creatures
  Cerebov (Pan)
  Antaeus (Coc:7)
  Asmodeus (Geh:7)
  the Royal Jelly (Slime:5)
  Mnoleg (Pan)
  Ereshkigal (Tar:7)
  Gloorx Vloq (Pan)
  the Serpent of Hell (Coc:7)
  Lom Lobon (Pan)
  Dispater (Dis:7)
  12 dread liches
  4 orbs of fire (Zot:5)
  13 ancient liches
  2 juggernauts (Dis:7)
  41 royal mummies
  16 shard shrikes (Coc:7)
  Bai Suzhen (Spider:4)
  Margery (Crypt:1)
  16 Killer Klowns
  A curse toe (Zot:4)
  24 caustic shrikes
  Geryon (Hell)
  19 golden dragons
  Nikola (Elf:3)
  Norris (Vaults:1)
  10 profane servitors
  8 doom hounds
  21 bone dragons
  10 Tzitzimimeh
  19 Brimstone Fiends
  An electric golem (Zot:5)
  A spectral shard shrike (Tar:4)
  19 tentacled monstrosities
  33 hellephants
  15 pandemonium lords
  Asterion (Elf:2)
  10 iron giants
  29 Hell Sentinels
  Mlioglotl (Swamp:3)
  22 Ice Fiends
  30 Orb Guardians
  11 liches
  7 deep elf blademasters
  22 titans
  9 deep elf master archers
  11 tainted leviathans
  20 acid blobs
  38 searing wretches
  2 quicksilver dragons
  The ghost of Dedwaat the Hoplite, an adept MiFi of Qazlal (Elf:1)
  14 sphinxes
  6 death cobs
  25 Executioners
  30 ancient champions
  2 eldritch tentacles
  15 tentacled starspawn
  13 tengu reavers
  9 storm dragons
  7 thorn hunters
  The ghost of Duwal the Fighter, an adept GrEE of Vehumet (Elf:2)
  9 rockslimes
  19 narguns
  Aizul (Vaults:1)
  5 shadow dragons
  10 azure jellies
  10 nagarajas
  11 demonspawn warmongers
  4 revenants
  2 daevas
  8 draconian knights
  12 fenstrider witches
  8 protean progenitors
  29 fire giants
  17 draconian monks
  11 draconian shifters
  12 vault wardens
  23 ghost moths
  6 draconian scorchers
  A frost giant (shapeshifter) (Zig:14)
  13 emperor scorpions
  9 quicksilver elementals
  4 iron dragons
  11 frost giants
  27 cacodemons
  4 shard shrike simulacra
  An angel (Pan)
  60 balrugs
  A spectral caustic shrike (Crypt:3)
  19 ironbound preservers
  30 reapers
  4 orc warlords (Zig:15)
  12 deep elf sorcerers
  2 curse skulls (Pan)
  7 draconian stormcallers
  13 ghouls
  5 deep elf elementalists (Elf:3)
  14 demonspawn blood saints
  8 demonspawn corrupters
  9 draconian annihilators
  2 spriggan defenders (Depths:2)
  A stone giant (shapeshifter) (Zig:12)
  4 caustic shrike skeletons (Pan)
  34 very ugly things
  9 formless jellyfish
  3 hydra skeletons
  6 broodmothers
  7 juggernaut skeletons
  4 vampire knights
  10 ironbound thunderhulks
  3 starflowers (Abyss:3)
  14 demonspawn black suns
  10 quicksilver oozes
  12 elemental wellsprings
  10 lorocyprocas
  8 deep elf death magi
  9 eleionomae
  24 stone giants
  11 putrid mouths
  14 wendigos
  12 green draconians
  15 deep elf demonologists
  8 red draconians
  19 spark wasps
  14 black draconians
  14 yellow draconians
  22 war gargoyles
  5 bunyips
  18 dire elephants
  14 white draconians
  4 bennus (Tomb:3)
  7 purple draconians
  15 iron golems
  13 deep elf annihilators
  7 eidola
  9 ettins
  20 green deaths
  21 blizzard demons
  A spectral quicksilver dragon (Tar:2)
  2 pearl dragon zombies (Crypt:1)
  27 mummy priests
  2 crystal guardians
  9 fire dragons
  An elf zombie (Tomb:1)
  19 yaktaur captains
  Josephine (D:13)
  10 shambling mangroves
  3 merfolk impalers (Zig:25)
  8 merfolk javelineers (Zig:25)
  11 rakshasas
  16 deep elf high priests
  16 entropy weavers
  10 jiangshi (Crypt:3)
  10 ice dragons
  27 vault guards
  8 caustic shrike simulacra
  3 peacekeepers
  A spectral spriggan (Tar:6)
  Harold (D:11)
  5 great orbs of eyes
  7 hell beasts
  13 salamander tyrants
  8 centaur warriors
  18 hydras
  2 catoblepae
  3 spriggan air magi
  5 juggernaut simulacra
  4 merfolk avatars (Zig:25)
  4 ghost crabs
  5 jorogumos
  15 death yaks (Lair:5)
  14 two-headed ogres
  A spriggan skeleton (Zig:18)
  5 anacondas
  2 alligator snapping turtles (Zig:25)
  13 alligators
  9 ogre magi
  47 dancing weapons
  128 death scarabs
  8 death knights
  7 ironbound frosthearts
  9 merfolk aquamancers
  2 deep troll shamans
  2 radroaches (Zig:26)
  5 stokers
  17 demonic crawlers
  3 satyrs
  9 boulder beetles
  3 orc high priests (Zig:15)
  6 deep troll earth magi
  3 naga warriors
  4 spriggan berserkers
  40 hell hogs
  3 tengu warriors
  A shock serpent (shapeshifter) (Vaults:5)
  4 titan zombies
  15 thrashing horrors
  6 naga sharpshooters
  3 spectral dire elephants
  Sonja (Lair:5)
  3 occultists
  9 shock serpents
  17 soul eaters
  62 sun demons
  3 vampire magi
  16 wretched stars
  Amaemon (D:8)
  52 skeletal warriors
  25 deep elf knights
  A storm dragon zombie (Tomb:2)
  19 hell knights
  9 crystal echidnas
  6 skysharks
  12 iron trolls
  9 pharaoh ants
  4 salamander mystics
  14 shadow wraiths
  2 hellephant skeletons (Pan)
  9 sea snakes (Zig:25)
  A fire crab (shapeshifter) (Vaults:1)
  3 spatial maelstroms
  7 goliath frogs
  Lodul (D:11)
  24 sixfirhies
  2 mana vipers (shapeshifter)
  23 shadow demons
  A storm dragon skeleton (Zig:18)
  6 quicksilver dragon simulacra
  A spectral hydra (Swamp:4)
  4 mana vipers
  A glowing orange brain (shapeshifter) (Vaults:2)
  12 orb spiders
  11 bog bodies
  4 glowing orange brains
  11 flayed ghosts
  A bunyip zombie (Tomb:3)
  10 arcanists
  10 spriggan druids
  5 spriggan simulacra
  13 sun moths
  8 swamp dragons
  3 obsidian statues
  44 deep trolls
  18 deep elf archers
  A cherub (Pan)
  3 thermic dynamos
  3 bunyip skeletons
  16 steelbarb worms
  2 orange crystal statues
  23 ironbound convokers
  5 necromancers
  18 phantasmal warriors
  2 harpies (shapeshifter)
  4 lightning spires (Zig:19)
  A jorogumo zombie (Crypt:1)
  23 lindwurms
  A shadow dragon skeleton (Zig:18)
  38 deep elf zephyrmancers
  3 orc knights
  8 harpies
  31 deep elf pyromancers
  3 obsidian bats
  An orc sorcerer (Zig:15)
  A salamander (Zig:16)
  29 wolf spiders
  2 spectral ettins
  6 shining eyes
  A human zombie (Tomb:2)
  6 oklob plants
  40 ugly things
  A frost giant zombie (Crypt:2)
  8 cyclopes
  A worldbinder (Abyss:3)
  6 will-o-the-wisps
  Maurice (Orc:1)
  20 moths of wrath
  10 manticores
  A centaur zombie (Tomb:3)
  9 meliai
  A meliai (shapeshifter) (D:13)
  A manticore (shapeshifter) (Zig:27)
  10 elephants (Lair:5)
  5 guardian serpents
  2 eyes of devastation
  3 apocalypse crabs
  A fire giant skeleton (Vaults:1)
  A toenail golem (Zot:4)
  12 naga magi
  20 black mambas
  3 guardian serpents (shapeshifter)
  23 vault sentinels
  3 molten gargoyles
  6 kobold blastminers
  5 rust devils
  20 orange demons
  40 smoke demons
  9 water nymphs (Zig:25)
  2 ice statues
  5 merfolk sirens (Zig:25)
  4 titan simulacra
  A gargoyle (D:11)
  A storm dragon simulacrum (Hell)
  7 cane toads
  4 apis skeletons (Crypt:1)
  21 torpor snails
  2 kobold demonologists
  11 freezing wraiths
  45 large abominations
  A redback zombie (Crypt:2)
  A dire elephant skeleton (Tomb:2)
  22 hellions
  9 komodo dragons
  A komodo dragon (shapeshifter) (Zig:23)
  A purple draconian skeleton (Crypt:2)
  24 tormentors
  6 unseen horrors
  12 efreet
  19 yaktaurs
  6 red devils
  2 anaconda simulacra
  An iron giant simulacrum (Coc:6)
  14 ancient zymes
  2 silent spectres
  3 spectral nagas
  18 hellwings
  57 guardian mummies
  4 hydra zombies
  4 ice devils (Depths:3)
  A spectral harpy (Tar:4)
  A troll (shapeshifter) (Zig:10)
  2 polar bears
  An unseen horror skeleton (Crypt:2)
  17 tyrant leeches
  3 bloated husks
  A golden dragon simulacrum (Coc:7)
  18 trolls
  35 hornets
  38 jumping spiders
  8 merfolk (Zig:25)
  6 snapping turtles (Zig:25)
  23 tarantellas
  A wind drake (Zig:25)
  A jumping spider zombie (Crypt:2)
  7 dream sheep (Lair:3)
  3 glass eyes
  23 blink frogs
  A harpy skeleton (Tomb:2)
  16 raiju
  A glass eye (shapeshifter) (Zig:27)
  An iron dragon simulacrum (Hell)
  A spectral black mamba (Tar:1)
  A stone giant simulacrum (Hell)
  89 slime creatures
  A centaur simulacrum (Tomb:1)
  A slime creature (shapeshifter) (D:15)
  A culicivora (shapeshifter) (Abyss:3)
  2 vampires
  20 spriggans
  31 culicivoras
  4 dire elephant simulacra
  13 water elementals
  A spriggan (shapeshifter) (Zig:8)
  8 air elementals
  18 ushabtiu
  14 wraiths
  11 wyverns
  24 ynoxinuls
  4 shadows
  73 redbacks
  A warg (shapeshifter) (D:11)
  43 yaks
  4 basilisks
  6 fire elementals
  21 neqoxecs
  11 golden eyes
  17 vampire mosquitoes
  12 chaos spawn
  A redback (shapeshifter) (Elf:3)
  12 swamp worms
  A water nymph zombie (Crypt:1)
  4 acid dragons
  8 harpy simulacra
  A glowing shapeshifter zombie (Vaults:1)
  2 nagas (Zig:16)
  4 spatial vortices (Abyss:3)
  Edmund (D:5)
  11 hell hounds
  4 hydra simulacra (Swamp:4)
  A fire bat skeleton (Crypt:1)
  18 water moccasins
  11 swamp drakes
  3 glowing shapeshifter skeletons
  27 orc warriors
  A sky beast (Abyss:2)
  Pargi (Sewer)
  4 ice beasts
  46 laughing skulls
  5 black bears
  2 swamp dragon zombies (Swamp:4)
  5 ettin simulacra
  17 wolves
  70 starcursed masses
  27 ogres
  A swamp dragon skeleton (Swamp:4)
  5 centaurs
  A phantom (D:5)
  3 human skeletons (Vaults:1)
  A yaktaur zombie (Crypt:2)
  3 kobold brigands
  A weeping skull (Crypt:3)
  7 brain worms
  A bullfrog (shapeshifter) (D:15)
  A komodo dragon zombie (Crypt:1)
  8 bullfrogs
  5 earth elementals
  A warg zombie (Crypt:1)
  6 scorpions
  12 small abominations
  3 gnoll sergeants
  A naga simulacrum (Coc:1)
  An elf skeleton (Crypt:2)
  A wight (D:9)
  4 burial acolytes (Crypt:3)
  12 killer bees
  A human simulacrum (Vaults:1)
  5 howler monkeys
  A swamp dragon simulacrum (Hell)
  A troll skeleton (Crypt:1)
  8 lava snakes
  2 iron imps (Abyss:3)
  18 jellies
  Crazy Yiuf (D:5)
  5 bombardier beetles
  3 quasits (Abyss:3)
  9 orc priests
  2 hounds
  2 sleepcaps
  2 iguanas
  Natasha (twice) (D:2)
  15 orc wizards
  56 mummies
  15 gnolls
  A steam dragon zombie (Crypt:2)
  7 adders
  2 river rats (D:6)
  2 swamp drake zombies (Swamp:4)
  2 shadow imps
  A white imp (Abyss:3)
  2 ufetubi (D:7)
  4 dart slugs
  A ribbon worm (D:2)
  48 orcs
  6 endoplasms
  6 giant cockroaches
  16 goblins
  7 hobgoblins
  5 jackals
  23 kobolds
  2 quokkas
  9 ball pythons
  4 bats
  3 frilled lizards
  2 hobgoblin skeletons
  An orc zombie (Crypt:1)
  8 rats
  2 aspiring fleshes (Pan)
  A ball lightning (Pan)
  A butterfly (Lair:2)
  3 creeping infernos
  10 fire vortices
  A foxfire (Zig:21)
  2 lurking horrors
  A spectral weapon (Elf:2)
  11 starspawn tentacles
4811 creatures vanquished.

Vanquished Creatures (others)
  An ancient lich (Dis:5)
  2 hellephants
  A titan (Pan)
  A lich (Vaults:2)
  4 eldritch tentacles
  A demonspawn warmonger (Pan)
  A draconian monk (Zot:4)
  A draconian annihilator (Zig:19)
  A red draconian (Zot:5)
  A war gargoyle (Zig:8)
  A green death (Pan)
  A salamander tyrant (Zig:17)
  An anaconda (Zig:17)
  2 juggernaut simulacra (Coc:7)
  A dancing weapon (Elf:3)
  An occultist (Abyss:3)
  A spriggan (Zig:21)
  A sea snake (Zig:25)
  A goliath frog (Zig:21)
  An arcanist (D:9)
  A deep elf pyromancer (Zig:23)
  A manticore (Zig:25)
  A will-o-the-wisp (Zig:21)
  A wolf spider (Spider:1)
  A merfolk siren (Zig:25)
  A water nymph (Zig:25)
  A vault sentinel (Zig:27)
  An orange demon (Depths:4)
  A red devil (Pan)
  A tormentor (Geh:7)
  A bloated husk (Swamp:1)
  A hellwing (Pan)
  4 hornets
  A snapping turtle (Zig:25)
  A water elemental (Elf:2)
  An air elemental (Elf:2)
  A golden eye (Zig:22)
  A chaos spawn (Pan)
  2 nagas (Zig:17)
  A swamp worm (Swamp:2)
  2 ball lightnings (Pan)
  A creeping inferno (Geh:7)
  35 foxfires
  39 starspawn tentacles
126 creatures vanquished.

Grand Total: 4937 creatures vanquished

Notes
Turn   | Place    | Note
-------+----------+-------------------------------------------
     0 | D:1      | Dirtsage the Demonspawn Monk began the quest for the Orb.
     0 | D:1      | Reached XP level 1. HP: 18/18 MP: 1/1
   304 | D:1      | Gained mutation: You are partially covered in rugged brown
                  | scales. (AC +1, +3% HP) [demonic ancestry]
   304 | D:1      | Reached XP level 2. HP: 16/24 MP: 2/2
   927 | D:2      | Noticed Natasha
   936 | D:2      | Killed Natasha
   937 | D:2      | Gained mutation: You have a pair of small horns on your
                  | head. [demonic ancestry]
   937 | D:2      | Reached XP level 3. HP: 18/29 MP: 1/3
  1188 | D:2      | Gained mutation: You regenerate a little health from kills.
                  | [demonic ancestry]
  1188 | D:2      | Reached XP level 4. HP: 32/36 MP: 2/4
  1731 | D:2      | Noticed Natasha
  1737 | D:2      | Killed Natasha
  1738 | D:2      | Reached skill level 5 in Unarmed Combat
  1894 | D:3      | Gained mutation: You are partially covered in sharp spines.
                  | [demonic ancestry]
  1894 | D:3      | Reached XP level 5. HP: 38/42 MP: 5/5
  2096 | D:3      | You fall into a shaft and drop 2 floors!
  2096 | D:5      | Entered Level 5 of the Dungeon
  2100 | D:5      | Noticed a phantom
  2108 | D:5      | Killed a phantom
  2132 | D:5      | Reached XP level 6. HP: 32/48 MP: 4/6
  2222 | D:5      | Noticed Edmund
  2269 | D:4      | Reached XP level 7. HP: 34/53 MP: 2/7
  2718 | D:4      | Found Jemit's Antique Weapon Boutique.
  3148 | D:3      | Found a faded altar of an unknown god.
  4237 | D:4      | Identified a scroll of acquirement
  4237 | D:4      | Acquired the ring of Xom's Full Attention {rElec rPois rN+
                  | Dex+6}
  4610 | D:5      | Gained mutation: You regenerate health from kills. [demonic
                  | ancestry]
  4610 | D:5      | Reached XP level 8. HP: 35/59 MP: 5/8
  4933 | D:5      | Killed Edmund
  5131 | D:5      | Reached skill level 10 in Unarmed Combat
  5298 | D:5      | Found a runed translucent door.
  5299 | D:5      | Noticed Crazy Yiuf
  5308 | D:5      | Killed Crazy Yiuf
  5750 | D:6      | Found Bussun's Distillery.
  5758 | D:6      | Bought a potion of might for 52 gold pieces
  5758 | D:6      | Bought a potion of berserk rage for 65 gold pieces
  5802 | D:6      | Found a glowing drain.
  5811 | Sewer    | Entered a sewer
  5924 | Sewer    | Noticed Pargi
  5929 | Sewer    | Killed Pargi
  6131 | D:6      | Found a staircase to the Ecumenical Temple.
  6189 | D:7      | Found Hiydyvix's Jewellery Emporium.
  6194 | D:7      | Gained mutation: You are mostly covered in rugged brown
                  | scales. (AC +2, +5% HP) [demonic ancestry]
  6194 | D:7      | Reached XP level 9. HP: 55/66 MP: 6/9
  6209 | Temple   | Found a transporter.
  6209 | Temple   | Found a transporter.
  6209 | Temple   | Found a transporter.
  6209 | Temple   | Found a transporter.
  6209 | Temple   | Entered the Ecumenical Temple
  6799 | D:7      | Identified the +9 spear "Seurchicw" {spect, Fly rPois}
  6984 | D:7      | Found an ornate altar of the Wu Jian Council.
  7026 | D:7      | Became a worshipper of the Wu Jian Council
  7026 | D:7      | Reached * piety under Wu Jian
  7026 | D:7      | Reached ** piety under Wu Jian
  7214 | D:8      | Noticed an orange demon
  7234 | D:8      | Killed an orange demon
  7236 | D:8      | Noticed Amaemon
  7349 | D:8      | Killed Amaemon
  7465 | D:8      | Found a shadowy altar of Dithmenos.
  7665 | D:8      | Gained mutation: You have a pair of horns on your head.
                  | [demonic ancestry]
  7665 | D:8      | Reached XP level 10. HP: 73/73 MP: 10/10
  7667 | D:8      | Found an opulent altar of Gozag.
  8117 | D:8      | Reached skill level 1 in Armour
  8117 | D:8      | Reached skill level 1 in Shields
  8224 | D:9      | Found a basalt altar of Yredelemnul.
  8406 | D:9      | Reached *** piety under Wu Jian
  8577 | D:9      | Found a staircase to the Lair.
  8703 | D:9      | Found a runed translucent door.
  8704 | D:9      | Noticed Lanoc's ghost (novice CoCK)
  8714 | D:9      | Noticed a two-headed ogre
  8723 | D:9      | Killed a two-headed ogre
  8847 | D:9      | Found a bloodstained altar of Trog.
  8848 | D:9      | Noticed a wizard
  8854 | D:9      | Killed a wizard
  9031 | D:9      | Noticed a two-headed ogre
  9036 | D:9      | Killed a two-headed ogre
  9242 | D:9      | Identified the +1 trident of Duty {speed, Dex+2}
  9259 | D:10     | Entered Level 10 of the Dungeon
  9361 | D:10     | Found a radiant altar of Vehumet.
  9472 | D:10     | Reached skill level 5 in Fighting
  9477 | D:10     | Gained mutation: You regenerate a lot of health from kills.
                  | [demonic ancestry]
  9477 | D:10     | Reached XP level 11. HP: 56/82 MP: 11/11
 10097 | Lair:1   | Entered Level 1 of the Lair of Beasts
 10284 | Lair:1   | Reached skill level 5 in Dodging
 10296 | Lair:1   | Reached **** piety under Wu Jian
 10368 | Lair:1   | Noticed an oklob plant
 11233 | Lair:2   | Found a staircase to the Swamp.
 11233 | Lair:2   | Noticed a bog body
 11246 | Lair:2   | Killed a bog body
 11290 | Lair:2   | Reached skill level 5 in Armour
 11290 | Lair:2   | Reached skill level 5 in Shields
 11858 | Lair:2   | Reached XP level 12. HP: 93/93 MP: 12/12
 12488 | Lair:3   | Reached ***** piety under Wu Jian
 12936 | Lair:3   | Found a hole to the Spider Nest.
 14092 | Lair:4   | Gained mutation: You are completely covered in rugged brown
                  | scales. (AC +3, +7% HP) [demonic ancestry]
 14092 | Lair:4   | Reached XP level 13. HP: 85/104 MP: 13/13
 14518 | Lair:5   | Entered Level 5 of the Lair of Beasts
 14524 | Lair:5   | Reached skill level 15 in Unarmed Combat
 15015 | Lair:5   | HP: 5/108 [death yak (16)]
 15524 | Lair:5   | Noticed Sonja
 15534 | Lair:5   | Killed Sonja
 15575 | Lair:5   | Found a staircase to the Slime Pits.
 15575 | Lair:5   | Found a viscous altar of Jiyva.
 15614 | Lair:5   | Reached ****** piety under Wu Jian
 15945 | Lair:5   | Gained mutation: You have a pair of large horns on your
                  | head. [demonic ancestry]
 15945 | Lair:5   | Reached XP level 14. HP: 84/116 MP: 14/14
 16217 | Swamp:1  | Entered Level 1 of the Swamp
 16689 | D:11     | Noticed Lodul
 16714 | D:11     | Killed Lodul
 16715 | D:11     | Reached skill level 10 in Fighting
 16938 | D:11     | Found a staircase to the Orcish Mines.
 16938 | D:11     | Noticed Harold
 16953 | D:11     | Killed Harold
 17272 | D:11     | Got Quumux's Folio of Enchantment
 17274 | D:11     | Identified the staff of the Present {rF+ rC- rN+ Int+6
                  | Fire}
 17305 | D:11     | Identified the +4 lajatang "Xamus" {flame, rF+ rN+++ Will-
                  | rCorr}
 17331 | D:11     | Found the +3 Elemental Staff {ele, rElec rF+ rC+ AC+3}
 17474 | D:11     | Found a runed translucent door.
 17482 | D:11     | Found a runed translucent gate.
 17482 | D:11     | Found a runed translucent gate.
 17486 | D:11     | Found a runed translucent gate.
 17486 | D:11     | Found a runed translucent gate.
 17486 | D:11     | Found a runed translucent gate.
 17486 | D:11     | Identified the +2 hat of Goculo {Harm Rampage rElec Str-5}
 17491 | D:11     | Identified the +5 whip of a bazaar {heavy, rElec rF+ Str-5
                  | Dex+6}
 17493 | D:11     | Found a runed translucent gate.
 18839 | D:12     | HP: 3/118 [hell knight/+1 heavy great sword (22)]
 19463 | D:13     | Noticed Josephine
 19490 | D:13     | Killed Josephine
 19510 | D:13     | Found a gate to the Vaults.
 19517 | D:13     | Reached skill level 10 in Dodging
 20428 | D:14     | Gained mutation: You are robust. (+10% HP) [demonic
                  | ancestry]
 20428 | D:14     | Reached XP level 15. HP: 117/138 MP: 15/15
 21301 | Orc:1    | Entered Level 1 of the Orcish Mines
 21453 | Orc:2    | Entered Level 2 of the Orcish Mines
 21512 | Orc:2    | Reached skill level 10 in Armour
 21512 | Orc:2    | Reached skill level 10 in Shields
 21535 | Orc:2    | Found Joishrug's Antique Armour Emporium.
 21539 | Orc:2    | Found Waikkoxu's Magic Scroll Emporium.
 21544 | Orc:2    | Found Upio's Antique Weapon Boutique.
 21552 | Orc:2    | Found Moica's Jewellery Shoppe.
 21576 | Orc:2    | Bought 3 scrolls of fog for 180 gold pieces
 21576 | Orc:2    | Bought a scroll of blinking for 112 gold pieces
 21576 | Orc:2    | Bought a scroll of fear for 60 gold pieces
 21576 | Orc:2    | Bought a scroll of identify for 30 gold pieces
 21576 | Orc:2    | Bought a scroll of teleportation for 45 gold pieces
 21582 | Orc:2    | Bought a twisted chain mail for 256 gold pieces
 21582 | Orc:2    | Identified the +2 chain mail of the Fife {Regen+ Int+7
                  | Dex-2} (You bought it in a shop on level 2 of the Orcish
                  | Mines)
 21582 | Orc:2    | Bought a runed cloak for 202 gold pieces
 21647 | Orc:2    | Found a staircase to the Elven Halls.
 21986 | Orc:1    | Noticed Maurice
 21992 | Orc:1    | Maurice stole 191 gold
 21997 | Orc:1    | Killed Maurice
 22269 | D:15     | Entered Level 15 of the Dungeon
 22348 | D:15     | Found a staircase to the Depths.
 22395 | D:15     | Noticed a tentacled monstrosity
 22411 | D:15     | Found a transporter.
 22423 | D:15     | Found a transporter.
 22429 | D:15     | Found a one-way gate to the infinite horrors of the Abyss.
 22472 | D:15     | Noticed Gigyvef's ghost (adept NaSh)
 23282 | Orc:2    | Bought an amulet of reflection for 420 gold pieces
 23487 | Spider:1 | Entered Level 1 of the Spider Nest
 23688 | Spider:1 | Acquired 724 gold pieces
 23803 | Spider:1 | Reached XP level 16. HP: 140/148 MP: 16/16
 24063 | Spider:1 | Found a roughly hewn altar of Beogh.
 24078 | Spider:1 | Identified the +0 leather armour of Day {Will+++ Str+3
                  | Int+6 Stlth-}
 25298 | Spider:2 | Identified the +0 leather armour "Ugutit" {rElec Str+7}
 26114 | Spider:3 | Found a large runed translucent door.
 26114 | Spider:3 | Found a large runed translucent door.
 26117 | Spider:3 | Noticed BlackSun's ghost (adept FoFi)
 26358 | Spider:4 | Entered Level 4 of the Spider Nest
 26365 | Spider:4 | Noticed Bai Suzhen
 26386 | Spider:4 | Killed Bai Suzhen
 26414 | Spider:4 | Reached XP level 17. HP: 135/160 MP: 17/17
 26843 | Spider:4 | Paralysed by a hornet for 3 turns
 27003 | Spider:4 | Got a gossamer rune of Zot
 28649 | Swamp:3  | Noticed Mlioglotl
 28669 | Swamp:3  | Killed Mlioglotl
 29355 | Swamp:3  | Got the Volume of Reanimation Made Easy
 29631 | Swamp:3  | Reached XP level 18. HP: 153/170 MP: 18/18
 29648 | Swamp:3  | Identified the staff of Mana {^Contam rElec MP-9 Dex+7
                  | Earth}
 29743 | Swamp:4  | Entered Level 4 of the Swamp
 29914 | Swamp:4  | Found a basalt altar of Yredelemnul.
 29952 | Swamp:4  | Found a blossoming altar of Fedhas.
 30428 | Elf:1    | Entered Level 1 of the Elven Halls
 30667 | Elf:1    | Paralysed by an air elemental for 1 turns
 30812 | Elf:1    | Found a transporter.
 30814 | Elf:1    | Found Gailon's Antique Armour Shop.
 31190 | Elf:1    | Found a large runed translucent door.
 31191 | Elf:1    | Found a large runed translucent door.
 31197 | Elf:1    | Noticed Dedwaat's ghost (adept MiFi)
 31471 | Elf:1    | Found a transporter.
 31672 | Elf:1    | Killed Dedwaat's ghost
 31844 | Elf:3    | Entered Level 3 of the Elven Halls
 31929 | Elf:3    | Reached skill level 15 in Fighting
 31957 | Elf:3    | Gained mutation: You are very robust. (+20% HP) [demonic
                  | ancestry]
 31957 | Elf:3    | Reached XP level 19. HP: 174/196 MP: 19/19
 32007 | Elf:3    | Found the +8 frozen axe "Frostbite" {freeze, freezing
                  | cloud, *Noise Fly rC+}
 32024 | Elf:3    | Identified the +2 double sword "Qyhof" {heavy, Stlth+}
 32030 | Elf:3    | Identified the +2 mace of the Puffball {flame, +Blink
                  | Str+3}
 32049 | Elf:3    | Got a shimmering gem with 226 turns to spare
 32071 | Elf:3    | Got Woidabar's Directory of Shades
 32089 | Elf:3    | Found the +5 robe of Night {Dark Will+ SInv}
 32125 | Elf:3    | Upgraded the game from 0.32-a0-913-g739538afd8 to
                  | 0.32-a0-918-g0f22ef8d61
 32177 | Elf:3    | Reached skill level 1 in Shapeshifting
 32227 | Elf:3    | Got Ipoyklen's Vellum of the Vertex
 32398 | Elf:3    | Paralysed by an air elemental for 1 turns
 32809 | Elf:3    | Noticed Nikola
 32828 | Elf:3    | Killed Nikola
 33290 | Elf:2    | Found a runed translucent door.
 33318 | Elf:2    | Found Apniluxu's Armour Emporium.
 33384 | Elf:2    | Reached skill level 5 in Shapeshifting
 33395 | Elf:2    | Found a runed translucent gate.
 33396 | Elf:2    | Found a runed translucent gate.
 33396 | Elf:2    | Found a runed translucent gate.
 33417 | Elf:2    | Noticed Duwal's ghost (adept GrEE)
 33832 | Elf:2    | Noticed Asterion
 33849 | Elf:2    | Killed Asterion
 34046 | Elf:2    | Identified the blade talisman of Distant Shores {*Corrode
                  | rC++}
 34215 | Elf:2    | Killed Duwal's ghost
 34217 | Elf:2    | Identified the +1 plate armour of the Centaur {Int+2}
 34533 | Vaults:1 | Entered Level 1 of the Vaults
 34628 | Vaults:1 | Acquired the +3 pair of gloves of the Present {rN+ Stlth+}
 34695 | Vaults:1 | Identified the serpent talisman of Boredom {rElec Int+3
                  | Slay-6}
 34695 | Vaults:1 | Noticed Aizul
 34725 | Vaults:1 | Killed Aizul
 34793 | Vaults:1 | Gained mutation: You are mostly covered in sharp spines.
                  | [demonic ancestry]
 34793 | Vaults:1 | Reached XP level 20. HP: 205/205 MP: 20/20
 34826 | Vaults:1 | Found Wujushi's Jewellery Shop.
 34845 | Vaults:1 | Reached skill level 10 in Shapeshifting
 35036 | Vaults:1 | Bought the ring of the Glimmering Gods {rF+ rC+ Int-2 SInv}
                  | for 445 gold pieces
 35113 | Vaults:1 | Noticed Norris
 35158 | Vaults:1 | Killed Norris
 35282 | Vaults:1 | Found the +5 Lochaber axe {reach-cleave, Poleaxe ^Drain}
 35325 | Vaults:1 | Identified the +6 great mace of Giosmein {flame, rN+}
 35512 | Vaults:1 | Found a runed translucent door.
 35514 | Vaults:1 | Noticed Kamets Paeg's ghost (master HuCj)
 36042 | Vaults:2 | Found a flickering gateway to a bazaar.
 36046 | Bazaar   | Entered a bazaar
 36046 | Bazaar   | Found Pemib's Book Emporium.
 36046 | Bazaar   | Found Uddeulo's Book Shop.
 36046 | Bazaar   | Found Gaojan's Distillery.
 36073 | Bazaar   | Found Ymneomaih's Armour Boutique.
 36073 | Bazaar   | Found Kunni's Antique Armour Shoppe.
 36104 | Bazaar   | Bought a potion of haste for 160 gold pieces
 36104 | Bazaar   | Bought a potion of heal wounds for 80 gold pieces
 36113 | Bazaar   | Bought the +3 pair of gauntlets of War {Slay+5} for 617
                  | gold pieces
 36113 | Bazaar   | Found the +3 pair of gauntlets of War {Slay+5}
 36127 | Bazaar   | Bought a book of Movement for 600 gold pieces
 36408 | Vaults:2 | Found a runed translucent gate.
 36408 | Vaults:2 | Found a runed translucent gate.
 36408 | Vaults:2 | Found a runed translucent gate.
 36408 | Vaults:2 | Noticed Ukhlin's ghost (adept DsMo)
 36921 | Vaults:2 | Paralysed by an ogre mage for 4 turns
 36929 | Abyss:2  | Cast into level 2 of the Abyss (a deep elf demonologist)
 37330 | Abyss:3  | Found a corrupted altar of Lugonu.
 37371 | Abyss:3  | Learned a level 4 spell: Vhi's Electric Charge
 37372 | Vaults:2 | Escaped the Abyss
 37871 | Vaults:2 | Found a viscous altar of Jiyva.
 38119 | Vaults:3 | Gained mutation: You are completely covered in sharp
                  | spines. [demonic ancestry]
 38119 | Vaults:3 | Reached XP level 21. HP: 213/213 MP: 21/21
 38131 | Vaults:3 | Found Logoydgh's Magic Scroll Emporium.
 38147 | Vaults:3 | Bought 2 scrolls of blinking for 225 gold pieces
 38147 | Vaults:3 | Bought a scroll of revelation for 112 gold pieces
 38147 | Vaults:3 | Bought a scroll of teleportation for 45 gold pieces
 38147 | Vaults:3 | Bought a scroll of blinking for 112 gold pieces
 38430 | Vaults:3 | Reached skill level 15 in Shapeshifting
 38835 | Vaults:3 | Found a staircase to the Crypt.
 38835 | Vaults:3 | Found a basalt altar of Yredelemnul.
 38835 | Vaults:3 | Found an ancient bone altar of Kikubaaqudgha.
 39111 | Vaults:4 | Found Yhum's Jewellery Shop.
 39137 | Vaults:4 | Found Beuhil's Magic Scroll Shop.
 39155 | Vaults:4 | Bought a scroll of acquirement for 780 gold pieces
 39155 | Vaults:4 | Acquired 1023 gold pieces
 39159 | Vaults:4 | Bought 3 scrolls of acquirement for 2340 gold pieces
 39159 | Vaults:4 | Acquired a manual of Fighting
 39160 | Vaults:4 | Acquired 1219 gold pieces
 39162 | Vaults:4 | Acquired a manual of Spellcasting
 39302 | Vaults:4 | Found Woux Fec Vecw's Assorted Antiques.
 39313 | Vaults:4 | Bought a potion of might for 188 gold pieces
 39425 | Vaults:4 | Found Yghukaa's Antique Weapon Shoppe.
 39607 | Vaults:4 | Noticed a golden dragon
 39624 | Vaults:4 | Killed a golden dragon
 40068 | Vaults:4 | Noticed a golden dragon
 40079 | Vaults:4 | Killed a golden dragon
 40552 | Depths:1 | Entered Level 1 of the Depths
 40620 | Depths:1 | Found a gateway to Hell.
 40801 | Depths:1 | Acquired a manual of Dodging
 40807 | Depths:1 | Found a burning altar of Makhleb.
 41183 | Depths:1 | Gained mutation: You are extremely robust. (+30% HP)
                  | [demonic ancestry]
 41183 | Depths:1 | Reached XP level 22. HP: 213/239 MP: 15/22
 41826 | Depths:2 | Found a one-way gate leading to the halls of Pandemonium.
 41886 | Depths:2 | Identified the +2 scale mail "Seuve" {rElec rF+ Int+3}
 41900 | Depths:3 | Noticed a dread lich
 41900 | Depths:3 | Found a one-way gateway to a ziggurat.
 41941 | Depths:3 | Killed a dread lich
 42534 | Depths:3 | Found an iron altar of Okawaru.
 42860 | Depths:4 | Entered Level 4 of the Depths
 42921 | Depths:4 | Found a gate to the Realm of Zot.
 43440 | Depths:4 | Found Ysigu's Book Shop.
 43443 | Depths:4 | Found Laliuf's Book Boutique.
 43445 | Depths:4 | Found Vonuop's Weapon Shop.
 43463 | Depths:4 | Noticed a caustic shrike
 43463 | Depths:4 | Noticed a caustic shrike
 43463 | Depths:4 | Noticed a caustic shrike
 43473 | Depths:4 | Killed a caustic shrike
 43483 | Depths:4 | Killed a caustic shrike
 43768 | Depths:4 | Gained mutation: Your skin changes colour to match your
                  | surroundings (Stealth+). [potion of mutation]
 43768 | Depths:4 | Gained mutation: You sometimes lose your temper in combat.
                  | [potion of mutation]
 43768 | Depths:4 | Gained mutation: You expend magic power (3 MP) to
                  | strengthen your wands. [potion of mutation]
 43769 | Depths:4 | Lost mutation: Your skin changes colour to match your
                  | surroundings (Stealth+). [potion of mutation]
 43769 | Depths:4 | Lost mutation: You expend magic power (3 MP) to strengthen
                  | your wands. [potion of mutation]
 43769 | Depths:4 | Lost mutation: You sometimes lose your temper in combat.
                  | [potion of mutation]
 43769 | Depths:4 | Gained mutation: You expend magic power (3 MP) to
                  | strengthen your wands. [potion of mutation]
 43769 | Depths:4 | Gained mutation: You occasionally shout uncontrollably at
                  | your foes. [potion of mutation]
 43769 | Depths:4 | Gained mutation: You frequently scream uncontrollably at
                  | your foes. [potion of mutation]
 43770 | Depths:4 | Lost mutation: You expend magic power (3 MP) to strengthen
                  | your wands. [potion of mutation]
 43770 | Depths:4 | Lost mutation: You frequently scream uncontrollably at your
                  | foes. [potion of mutation]
 43770 | Depths:4 | Lost mutation: You occasionally shout uncontrollably at
                  | your foes. [potion of mutation]
 43770 | Depths:4 | Gained mutation: You have an increased reservoir of magic.
                  | (+10% MP) [potion of mutation]
 43770 | Depths:4 | Gained mutation: You are occasionally teleported next to
                  | monsters. [potion of mutation]
 43770 | Depths:4 | Gained mutation: You have large cloven feet. [potion of
                  | mutation]
 43771 | Depths:4 | Lost mutation: You have large cloven feet. [potion of
                  | mutation]
 43771 | Depths:4 | Lost mutation: You are occasionally teleported next to
                  | monsters. [potion of mutation]
 43771 | Depths:4 | Lost mutation: You have an increased reservoir of magic.
                  | (+10% MP) [potion of mutation]
 43771 | Depths:4 | Gained mutation: You have hidden genetic potential. [potion
                  | of mutation]
 43771 | Depths:4 | Lost mutation: You have hidden genetic potential. [potion
                  | of mutation]
 43771 | Depths:4 | Gained mutation: You occasionally lose the ability to read
                  | scrolls when taking damage. [potion of mutation]
 43772 | Depths:4 | Lost mutation: You occasionally lose the ability to read
                  | scrolls when taking damage. [potion of mutation]
 43772 | Depths:4 | Gained mutation: You expend magic power (3 MP) to
                  | strengthen your wands. [potion of mutation]
 43772 | Depths:4 | Gained mutation: You occasionally lose the ability to drink
                  | potions when taking damage. [potion of mutation]
 43772 | Depths:4 | Gained mutation: You are agile. (Dex +4, Str/Int -1)
                  | [potion of mutation]
 43773 | Depths:4 | Lost mutation: You expend magic power (3 MP) to strengthen
                  | your wands. [potion of mutation]
 43773 | Depths:4 | Lost mutation: You are agile. (Dex +4, Str/Int -1) [potion
                  | of mutation]
 43773 | Depths:4 | Lost mutation: You occasionally lose the ability to drink
                  | potions when taking damage. [potion of mutation]
 43773 | Depths:4 | Gained mutation: Your mind is acute. (Int +4, Str/Dex -1)
                  | [potion of mutation]
 43773 | Depths:4 | Gained mutation: You are somewhat resistant to further
                  | mutation. [potion of mutation]
 43868 | Depths:4 | Saving game... please wait.
 43940 | Depths:3 | Voluntarily entered the Abyss.
 44064 | Abyss:3  | Found a corrupted altar of Lugonu.
 44093 | Abyss:3  | Reached XP level 23. HP: 182/247 MP: 14/23
 44108 | Abyss:3  | Found a corrupted altar of Lugonu.
 44128 | Abyss:3  | Found a corrupted altar of Lugonu.
 44171 | Abyss:3  | Found a corrupted altar of Lugonu.
 44249 | Abyss:3  | Found a corrupted altar of Lugonu.
 44264 | Abyss:3  | Found a corrupted altar of Lugonu.
 44687 | Abyss:3  | Got the Atlas of the Deep Freeze
 44775 | Abyss:3  | Found a corrupted altar of Lugonu.
 44815 | Abyss:3  | Paralysed by accursed screaming for 1 turns
 44832 | Abyss:3  | Paralysed by accursed screaming for 1 turns
 44841 | Abyss:3  | Paralysed by accursed screaming for 2 turns
 44851 | Abyss:3  | Paralysed by accursed screaming for 1 turns
 44967 | Abyss:3  | Got an abyssal rune of Zot
 44967 | Abyss:3  | Paralysed by accursed screaming for 1 turns
 45005 | Depths:3 | Escaped the Abyss
 45394 | Swamp:4  | Got a decaying rune of Zot
 45705 | Vaults:5 | Entered Level 5 of the Vaults
 45720 | Vaults:5 | Identified the amulet "Osum" {Faith +Inv rElec rN+ Dex-2}
 45796 | Vaults:5 | Noticed an ancient lich
 45803 | Vaults:5 | Identified the +5 sling of Non Obstante Veredicto {drain,
                  | +Blink rC++}
 45812 | Vaults:5 | Killed an ancient lich
 45840 | Vaults:5 | Reached skill level 1 in Spellcasting
 45846 | Vaults:5 | Reached skill level 1 in Translocations
 45846 | Vaults:5 | Reached skill level 1 in Air Magic
 45858 | Vaults:5 | Reached XP level 24. HP: 249/258 MP: 26/27
 45898 | Vaults:5 | Reached skill level 5 in Spellcasting
 46004 | Vaults:5 | Identified the +1 pair of boots of Circular Logic {rN+
                  | Int+3 Dex+4}
 46079 | Vaults:5 | Identified the +2 plate armour of Jasmuz {rF+++ Dex-5
                  | Slay-5 SInv}
 46134 | Vaults:5 | Identified the staff "Vohoeb" {rPois rN++ Alchemy}
 46325 | Vaults:5 | Identified the ring of Pymm {rPois rC+++ rN+ rCorr Str+2}
 46465 | Vaults:5 | Got a silver rune of Zot
 46534 | Vaults:5 | Identified the +1 hand axe of Severance {flame, Str+4 Dex+3
                  | Stlth+}
 46569 | Vaults:5 | Got the Writings on Gases and the Singularity
 47222 | Depths:2 | Identified the +6 orcbow "Impslayer" {freeze, Str+4 Dex+3}
 47428 | Depths:2 | Found Sizebedy's Distillery.
 47850 | Slime:1  | Entered Level 1 of the Pits of Slime
 47940 | Slime:2  | Reached skill level 5 in Translocations
 47962 | Slime:3  | Reached skill level 5 in Air Magic
 48115 | Slime:5  | Entered Level 5 of the Pits of Slime
 48173 | Slime:5  | Found a viscous altar of Jiyva.
 48195 | Slime:5  | Noticed the Royal Jelly
 48219 | Slime:5  | Killed the Royal Jelly
 48424 | Slime:5  | Identified the ring of the Ladybird {Fire ^Drain Will+
                  | rCorr Dex+3}
 48426 | Slime:5  | Identified the amulet "Evviujimmo" {Reflect Str+5 SH+5}
 48469 | Slime:5  | Identified the amulet "Sicucrap" {Regen+ Str+5}
 48475 | Slime:5  | Identified the +8 triple crossbow "Heahahaal" {flame, MP+9
                  | Str-4 Int+6 SInv}
 48476 | Slime:5  | Identified the ring "Viumualask" {rN+ rCorr Str+3 Stlth-}
 48504 | Slime:5  | Got Fetic's Guide on the Frostbitten Volley
 48524 | Slime:5  | Identified the +7 war axe of Biomicvo {flame, rF+ Str+3}
 48535 | Slime:5  | Identified the ring of Ziofej {rN+ SInv}
 48572 | Slime:5  | Identified the ring "Gyniemag" {Fly Slay+4}
 48575 | Slime:5  | Identified the +0 pair of gloves of the Forest {rPois rF+
                  | rN+ Str+2}
 48581 | Slime:5  | Identified the staff of the Past {rElec rPois Hexes Air}
 48583 | Slime:5  | Got a slimy rune of Zot
 49202 | Crypt:1  | Entered Level 1 of the Crypt
 49228 | Crypt:1  | Noticed Margery
 49240 | Crypt:1  | Reached skill level 10 in Spellcasting
 49244 | Crypt:1  | Killed Margery
 49253 | Crypt:2  | Found an ancient bone altar of Kikubaaqudgha.
 49264 | Crypt:3  | Entered Level 3 of the Crypt
 49328 | Crypt:3  | Found a basalt altar of Yredelemnul.
 49512 | Crypt:3  | Noticed a dread lich
 49519 | Crypt:3  | Found a staircase to the Tomb.
 49526 | Crypt:3  | Killed a dread lich
 49527 | Crypt:3  | Reached XP level 25. HP: 267/267 MP: 38/38
 49533 | Crypt:3  | Got an ivory gem with 1483 turns to spare
 49581 | Crypt:3  | Identified the +8 chain mail of Damp Leaves {rCorr}
 49656 | Crypt:3  | Identified the +1 plate armour "Zegaddu" {rC+ Regen+}
 49802 | Crypt:3  | Got Kikubaaqudgha's Folio of Open Graves
 49856 | Crypt:3  | Got the Handbook of Crysopoeia and the Commander
 50354 | Crypt:2  | Identified the +6 falchion of the Summoning Gods {elec,
                  | Will++ rCorr Dex+4}
 50429 | Crypt:2  | Identified the +0 scale mail of Dice, Bag, and Bottle
                  | {Str+5 Dex+3}
 50448 | Crypt:2  | Learned a level 7 spell: Manifold Assault
 50546 | Crypt:2  | Identified the +7 dire flail of the Wasteland {freeze,
                  | Str+2}
 51366 | Crypt:1  | Found a basalt altar of Yredelemnul.
 51652 | Crypt:1  | Found an ancient bone altar of Kikubaaqudgha.
 51978 | Pan      | Entered Pandemonium
 52285 | Pan      | Noticed Leleb the pandemonium lord
 52311 | Pan      | Killed Leleb the pandemonium lord
 52751 | Pan      | Reached skill level 15 in Dodging
 52850 | Pan      | Noticed Piosilit the pandemonium lord
 52864 | Pan      | Killed Piosilit the pandemonium lord
 52879 | Pan      | Reached skill level 10 in Translocations
 52967 | Pan      | Got a demonic rune of Zot
 53244 | Pan      | Found an exit through the horrors of the Abyss.
 53500 | Depths:2 | Escaped Pandemonium
 53506 | Depths:2 | Lost mutation: Your mind is acute. (Int +4, Str/Dex -1)
                  | [potion of mutation]
 53506 | Depths:2 | Lost mutation: You are somewhat resistant to further
                  | mutation. [potion of mutation]
 53506 | Depths:2 | Gained mutation: You are strong-willed. (Will+) [potion of
                  | mutation]
 53506 | Depths:2 | Gained mutation: You possess an exceptional clarity of
                  | mind. [potion of mutation]
 53506 | Depths:2 | Gained mutation: You passively dampen the noise of your
                  | surroundings. [potion of mutation]
 53512 | Pan      | Entered Pandemonium
 53539 | Pan      | Identified the +0 robe of Mearauha {Harm rF++ Stlth+}
 53570 | Pan      | Noticed Dymy the pandemonium lord
 53575 | Pan      | Reached XP level 26. HP: 254/283 MP: 32/39
 53595 | Pan      | Killed Dymy the pandemonium lord
 53971 | Pan      | Entered the realm of Mnoleg.
 54911 | Pan      | Reached skill level 15 in Shields
 55092 | Pan      | Reached skill level 15 in Armour
 55273 | Pan      | Noticed Mnoleg
 55315 | Pan      | Killed Mnoleg
 55393 | Pan      | Got a glowing rune of Zot
 55609 | Pan      | Entered the realm of Cerebov.
 55687 | Pan      | Found the +6 sword of Cerebov {flame}
 55687 | Pan      | Noticed Cerebov
 55728 | Pan      | Killed Cerebov
 56257 | Pan      | Identified the +6 scale mail of Miracles {rElec rPois}
 56316 | Pan      | Got a fiery rune of Zot
 56367 | Pan      | Identified the +1 flail "Ninuff" {elec, Str+2}
 56388 | Pan      | Got the Tome of Frigid Compounds
 56394 | Pan      | Identified the +3 morningstar "Killer Bee's Death" {speed,
                  | ^Contam *Corrode rElec Int+7}
 56396 | Pan      | Identified the +4 scale mail of the Endless Expanse {*Slow
                  | rN+ rCorr Dex+3}
 56414 | Pan      | Identified the +9 flail of Woirheal {freeze, Str+3 Dex+3}
 56673 | Pan      | Noticed Solafizo the pandemonium lord
 56688 | Pan      | Reached XP level 27. HP: 301/302 MP: 39/39
 56690 | Pan      | Killed Solafizo the pandemonium lord
 56850 | Pan      | Found an exit through the horrors of the Abyss.
 57087 | Pan      | Entered the realm of Lom Lobon.
 57919 | Pan      | Noticed Lom Lobon
 57940 | Pan      | Killed Lom Lobon
 58217 | Pan      | Got a magical rune of Zot
 59000 | Pan      | Noticed Xosui the pandemonium lord
 59011 | Pan      | Killed Xosui the pandemonium lord
 59485 | Pan      | Noticed Aluig the pandemonium lord
 59494 | Pan      | Killed Aluig the pandemonium lord
 59505 | Pan      | Paralysed by accursed screaming for 2 turns
 59690 | Pan      | Entered the realm of Gloorx Vloq.
 60018 | Pan      | Noticed Gloorx Vloq
 60035 | Pan      | Killed Gloorx Vloq
 60052 | Pan      | Got a dark rune of Zot
 60358 | Pan      | Found an exit through the horrors of the Abyss.
 60655 | Pan      | Took an exit into the Abyss.
 60655 | Abyss:3  | Escaped into the Abyss
 60674 | Abyss:3  | Noticed an ancient lich
 60689 | Abyss:3  | Killed an ancient lich
 60785 | Depths:2 | Escaped the Abyss
 61391 | Tomb:1   | Entered Level 1 of the Tomb of the Ancients
 61645 | Tomb:1   | Acquired 700 gold pieces
 61913 | Tomb:1   | Noticed a royal mummy
 61928 | Tomb:1   | Killed a royal mummy
 61978 | Tomb:2   | Noticed a royal mummy
 61978 | Tomb:2   | Noticed a royal mummy
 61982 | Tomb:2   | Noticed a royal mummy
 61984 | Tomb:2   | Noticed a royal mummy
 61991 | Tomb:2   | Killed a royal mummy
 61998 | Tomb:2   | Killed a royal mummy
 62000 | Tomb:2   | Killed a royal mummy
 62007 | Tomb:2   | Killed a royal mummy
 62355 | Tomb:1   | Noticed a royal mummy
 62355 | Tomb:1   | Noticed a royal mummy
 62355 | Tomb:1   | Noticed a royal mummy
 62357 | Tomb:1   | Noticed a royal mummy
 62366 | Tomb:1   | Killed a royal mummy
 62367 | Tomb:1   | Killed a royal mummy
 62368 | Tomb:1   | Killed a royal mummy
 62370 | Tomb:1   | Killed a royal mummy
 62370 | Tomb:1   | Noticed a royal mummy
 62377 | Tomb:1   | Killed a royal mummy
 62382 | Tomb:1   | Noticed a royal mummy
 62385 | Tomb:1   | Killed a royal mummy
 62392 | Tomb:1   | Noticed a royal mummy
 62398 | Tomb:1   | Killed a royal mummy
 62413 | Tomb:1   | Noticed a royal mummy
 62420 | Tomb:1   | Killed a royal mummy
 62438 | Tomb:1   | Noticed a royal mummy
 62442 | Tomb:1   | Noticed a royal mummy
 62447 | Tomb:1   | Killed a royal mummy
 62452 | Tomb:1   | Killed a royal mummy
 62462 | Tomb:1   | Noticed a royal mummy
 62471 | Tomb:1   | Killed a royal mummy
 62508 | Tomb:1   | Noticed a royal mummy
 62514 | Tomb:1   | Killed a royal mummy
 62521 | Tomb:1   | Noticed a royal mummy
 62522 | Tomb:1   | Noticed a royal mummy
 62524 | Tomb:1   | Noticed a royal mummy
 62532 | Tomb:1   | Killed a royal mummy
 62534 | Tomb:1   | Killed a royal mummy
 62535 | Tomb:1   | Reached skill level 15 in Translocations
 62539 | Tomb:1   | Noticed a royal mummy
 62541 | Tomb:1   | Killed a royal mummy
 62541 | Tomb:1   | Noticed a royal mummy
 62545 | Tomb:1   | Noticed a royal mummy
 62550 | Tomb:1   | Killed a royal mummy
 62555 | Tomb:1   | Killed a royal mummy
 62562 | Tomb:1   | Killed a royal mummy
 62564 | Tomb:1   | Noticed a royal mummy
 62574 | Tomb:1   | Killed a royal mummy
 62620 | Tomb:2   | Paralysed by a Zot trap for 4 turns
 62639 | Tomb:3   | Entered Level 3 of the Tomb of the Ancients
 62664 | Tomb:3   | Noticed a royal mummy
 62668 | Tomb:3   | Noticed a royal mummy
 62670 | Tomb:3   | Found the Hermit's Pendant {Faith Invo=14 Evo=0 MP+5}
 62686 | Tomb:3   | Noticed a royal mummy
 62699 | Tomb:3   | Noticed a royal mummy
 62702 | Tomb:3   | Noticed a royal mummy
 62703 | Tomb:3   | Killed a royal mummy
 62719 | Tomb:3   | Noticed a royal mummy
 62725 | Tomb:3   | Noticed a royal mummy
 62725 | Tomb:3   | Noticed a royal mummy
 62733 | Tomb:3   | Noticed a royal mummy
 62739 | Tomb:3   | Identified the +1 chain mail of Duty {MP+9 Str+3}
 62744 | Tomb:3   | Killed a royal mummy
 62745 | Tomb:3   | Identified the +7 rapier "Tuask" {speed, ^Fragile rCorr
                  | Int+2}
 62765 | Tomb:3   | Killed a royal mummy
 62799 | Tomb:3   | Killed a royal mummy
 62805 | Tomb:3   | Killed a royal mummy
 62808 | Tomb:3   | Killed a royal mummy
 62812 | Tomb:3   | Killed a royal mummy
 62817 | Tomb:3   | Killed a royal mummy
 62870 | Tomb:3   | Killed a royal mummy
 62981 | Tomb:3   | Identified the ring "Luyj" {rCorr Dex+4 Slay+5 SInv}
 63105 | Tomb:3   | Identified the +12 long sword of Kegh {antimagic, *Noise
                  | rPois rC+ rCorr}
 63106 | Tomb:3   | Identified the +0 arbalest of Xylot {freeze, rC+ Will+
                  | Str-3}
 63112 | Tomb:3   | Identified the amulet "Roypelut" {Acrobat ^Drain rPois
                  | Regen+ Int+4}
 63237 | Tomb:3   | Got a golden rune of Zot
 63775 | Hell     | Entered the Vestibule of Hell
 63775 | Hell     | Noticed Geryon
 63781 | Hell     | Killed Geryon
 63870 | Hell     | Found a gateway to the decaying netherworld of Tartarus.
 63944 | Tar:1    | Entered Level 1 of Tartarus
 63968 | Tar:1    | You fall into a shaft and drop 1 floor!
 64570 | Tar:7    | Entered Level 7 of Tartarus
 64628 | Tar:7    | Noticed a dread lich
 64628 | Tar:7    | Paralysed by a dread lich for 5 turns
 64643 | Tar:7    | Killed a dread lich
 64702 | Tar:7    | Noticed an ancient lich
 64710 | Tar:7    | Killed an ancient lich
 64859 | Tar:7    | Noticed a dread lich
 64863 | Tar:7    | Paralysed by a dread lich for 2 turns
 64868 | Tar:7    | Killed a dread lich
 64898 | Tar:7    | Noticed Ereshkigal
 64906 | Tar:7    | Paralysed by Ereshkigal for 3 turns
 64919 | Tar:7    | Killed Ereshkigal
 64993 | Tar:7    | Got a bone rune of Zot
 65173 | Tar:7    | Got Sif Muna's Vellum of Geometry
 65199 | Tar:7    | Identified the ring "Qememun" {Fire +Blink}
 65202 | Tar:7    | Identified the scarf "Kofeber" {rC+ rF+, +Inv Fly Regen+
                  | Int-4}
 65443 | Zig:1    | Entered Level 1 of a ziggurat
 65451 | Zig:2    | Entered Level 2 of a ziggurat
 65470 | Zig:3    | Entered Level 3 of a ziggurat
 65508 | Zig:3    | Identified the +0 robe of the Jackalope {Regen+ Dex+3
                  | Slay-3}
 65514 | Zig:4    | Entered Level 4 of a ziggurat
 65589 | Zig:4    | Identified the ring "Loolups" {rF+ Str-2 Int+2 Stlth+}
 65599 | Zig:5    | Entered Level 5 of a ziggurat
 65600 | Zig:5    | Noticed Keycwiaqacw the pandemonium lord
 65612 | Zig:5    | Killed Keycwiaqacw the pandemonium lord
 65625 | Zig:5    | Identified the ring of the Fresh God {Fly rPois Str+2}
 65657 | Zig:6    | Entered Level 6 of a ziggurat
 65686 | Zig:6    | Identified the +8 flail "Berregg" {antimagic, rC+ Int+3}
 65698 | Zig:7    | Entered Level 7 of a ziggurat
 65756 | Zig:8    | Entered Level 8 of a ziggurat
 65760 | Zig:8    | Noticed a dread lich
 65761 | Zig:8    | Noticed an ancient lich
 65772 | Zig:8    | Killed an ancient lich
 65784 | Zig:8    | Killed a dread lich
 65795 | Zig:8    | Identified the +5 long sword "Ukaoclug" {flame, Str+4}
 65822 | Zig:9    | Entered Level 9 of a ziggurat
 65828 | Zig:9    | Found the dreamshard necklace {Acrobat *Dream}
 65906 | Zig:10   | Entered Level 10 of a ziggurat
 65923 | Zig:10   | Found the +10 Black Knight's barding {ponderous, rPois rN+}
 65999 | Zig:10   | Got the Cyclopedia of the Toxic Mantle
 66043 | Zig:11   | Entered Level 11 of a ziggurat
 66159 | Zig:12   | Entered Level 12 of a ziggurat
 66172 | Zig:12   | Noticed Ojoymur the pandemonium lord
 66173 | Zig:12   | Noticed Kanixuxkad the pandemonium lord
 66173 | Zig:12   | Noticed Veryp the pandemonium lord
 66174 | Zig:12   | Noticed Gozugex the pandemonium lord
 66194 | Zig:12   | Killed Ojoymur the pandemonium lord
 66198 | Zig:12   | Killed Gozugex the pandemonium lord
 66209 | Zig:12   | Killed Kanixuxkad the pandemonium lord
 66209 | Zig:12   | Killed Veryp the pandemonium lord
 66220 | Zig:12   | Identified the amulet "Voilebru" {Acrobat Will+ Int+4}
 66270 | Zig:13   | Entered Level 13 of a ziggurat
 66469 | Zig:13   | Identified the amulet of Henotheism {Spirit Harm rN+ Will+}
 66487 | Zig:13   | Identified the staff "Eduecosa" {rPois Will+ Str-3 Summ Air
                  | Alchemy}
 66496 | Zig:14   | Entered Level 14 of a ziggurat
 66503 | Zig:14   | Noticed Puosm the pandemonium lord
 66504 | Zig:14   | Noticed Gesmat the pandemonium lord
 66506 | Zig:14   | Noticed Siocasm the pandemonium lord
 66528 | Zig:14   | Killed Gesmat the pandemonium lord
 66540 | Zig:14   | Killed Siocasm the pandemonium lord
 66555 | Zig:14   | Killed Puosm the pandemonium lord
 66556 | Zig:14   | Identified the +3 ring mail of Qoijeb {Dex+4}
 66561 | Zig:14   | Identified the amulet of Fun {Reflect +Blink rC+ rN+++
                  | Int-3 SH+5}
 66568 | Zig:15   | Entered Level 15 of a ziggurat
 66622 | Zig:15   | Identified the +0 pair of gloves of the Louse {Rampage rN+
                  | Will++ Str-3}
 66628 | Zig:16   | Entered Level 16 of a ziggurat
 66645 | Zig:16   | Found the macabre finger necklace {Finger+ rN+}
 66690 | Zig:16   | Got the Handbook of Clay
 66703 | Zig:17   | Entered Level 17 of a ziggurat
 66786 | Zig:18   | Entered Level 18 of a ziggurat
 66795 | Zig:18   | Noticed a royal mummy
 66796 | Zig:18   | Noticed a royal mummy
 66796 | Zig:18   | Noticed a royal mummy
 66798 | Zig:18   | Noticed a royal mummy
 66798 | Zig:18   | Noticed a royal mummy
 66799 | Zig:18   | Killed a royal mummy
 66800 | Zig:18   | Killed a royal mummy
 66805 | Zig:18   | Killed a royal mummy
 66806 | Zig:18   | Noticed a royal mummy
 66807 | Zig:18   | Noticed a royal mummy
 66807 | Zig:18   | Noticed a royal mummy
 66824 | Zig:18   | Killed a royal mummy
 66840 | Zig:18   | Killed a royal mummy
 66842 | Zig:18   | Killed a royal mummy
 66868 | Zig:18   | Killed a royal mummy
 66871 | Zig:18   | Killed a royal mummy
 66922 | Zig:18   | Identified the +3 scale mail "Pourph" {*Slow +Blink rPois
                  | rC+}
 66927 | Zig:18   | Identified the +0 pair of gloves "Leomiuz" {-Tele rC+ rCorr
                  | SInv}
 66930 | Zig:18   | Identified the staff of Guonaeh {^Fragile rF+ rC+ rN++
                  | Str+3 Fire}
 66942 | Zig:18   | Identified the staff "Daubb" {rElec rF+ Int+3 Air}
 66948 | Zig:19   | Entered Level 19 of a ziggurat
 67093 | Zig:19   | Identified the +3 rapier of the Penguin {drain, Int+3}
 67153 | Zig:19   | Got the Catalogue of the Shifting Mortar
 67167 | Zig:20   | Entered Level 20 of a ziggurat
 67253 | Zig:20   | Identified the +1 leather armour "Konaeci" {rC++ Str+5
                  | Dex-4}
 67264 | Zig:20   | Identified the ring of Vegeuk {rPois EV+5 Dex+3}
 67270 | Zig:20   | Identified the staff of the Thirsty Moons {rPois Dex+4
                  | Alchemy}
 67356 | Zig:21   | Entered Level 21 of a ziggurat
 67385 | Zig:21   | Found the amulet of the Air {Inacc Air Fly rElec RMsl}
 67429 | Zig:21   | Identified the +1 rapier of Laityo {freeze, Will+ Stlth+}
 67437 | Zig:21   | Identified the ring of the Moon {rCorr Int+4}
 67443 | Zig:22   | Entered Level 22 of a ziggurat
 67481 | Zig:22   | Reached skill level 27 in Fighting
 67551 | Zig:22   | Found the +1 eveningstar "Brilliance" {foul flame, Umbra}
 67561 | Zig:22   | Found the +18 Lear's hauberk
 67591 | Zig:22   | Identified the +1 sling of Luloxach {drain, rF+ Int+2}
 67757 | Zig:23   | Entered Level 23 of a ziggurat
 67856 | Zig:23   | Found the +2 hood of the Assassin {Detect Stab+ Stlth++}
 67874 | Zig:23   | Identified the staff of the Transmuting Gods {rElec rPois
                  | Dex-5 Conj Fire}
 67876 | Zig:23   | Identified the +10 pearl dragon scales "Xayvvio" {rN+
                  | Int+3}
 67904 | Zig:24   | Entered Level 24 of a ziggurat
 68026 | Zig:24   | Identified the +1 rapier "Ponar" {flame, ^Contam Fly Int+2}
 68030 | Zig:24   | Identified the staff of Pivuhiun {rC+++ rN+ Necro}
 68041 | Zig:24   | Got Vehumet's Elucidation of Battling
 68054 | Zig:24   | Identified the +7 dagger of Volic {venom, rC+ Int+3}
 68127 | Zig:25   | Entered Level 25 of a ziggurat
 68210 | Zig:25   | Identified the ring of the Invisible Curses {rC- Int+5
                  | SInv}
 68228 | Zig:25   | Identified the +2 quarterstaff of Twilight {flame, +Blink}
 68267 | Zig:26   | Entered Level 26 of a ziggurat
 68328 | Zig:26   | Reached skill level 27 in Unarmed Combat
 68361 | Zig:26   | Identified the ring of Jetearox {rElec rC+ MP+9 Dex+6 SInv}
 68381 | Zig:26   | Identified the amulet of Idealism {Spirit rElec rPois}
 68404 | Zig:27   | Entered Level 27 of a ziggurat
 68416 | Zig:27   | Noticed a dread lich
 68426 | Zig:27   | Killed a dread lich
 68431 | Zig:27   | Noticed a dread lich
 68437 | Zig:27   | Noticed an ancient lich
 68444 | Zig:27   | Killed a dread lich
 68458 | Zig:27   | Killed an ancient lich
 68464 | Zig:27   | Noticed an ancient lich
 68471 | Zig:27   | Noticed an ancient lich
 68474 | Zig:27   | Noticed a dread lich
 68475 | Zig:27   | Killed an ancient lich
 68475 | Zig:27   | Killed an ancient lich
 68483 | Zig:27   | Killed a dread lich
 68588 | Zig:27   | Found the +12 glaive of Prune {freeze, Prune}
 68596 | Zig:27   | Got the Anthology of Battle Magic and Inhalation
 68598 | Zig:27   | Got Reytes's Enchiridion on Coffins and the Mirage
 68616 | Zig:27   | Identified the ring of the Vanishing Stars {rElec MP+9
                  | Int+6 SInv}
 68627 | Zig:27   | Identified the ring "Mailen" {rPois rC+ MP+9 Dex+5}
 68857 | Hell     | Found a gateway to the Iron City of Dis.
 68890 | Dis:1    | Entered Level 1 of the Iron City of Dis
 68915 | Dis:1    | You are sucked into a shaft and drop 1 floor!
 69238 | Dis:5    | Noticed an ancient lich
 69238 | Dis:5    | Noticed a dread lich
 69238 | Dis:5    | Noticed an ancient lich
 69242 | Dis:5    | Noticed a dread lich
 69243 | Dis:5    | Killed an ancient lich
 69245 | Dis:5    | Noticed an ancient lich
 69245 | Dis:5    | Noticed an ancient lich
 69246 | Dis:5    | Killed an ancient lich
 69246 | Dis:5    | Killed a dread lich
 69254 | Dis:5    | Killed an ancient lich
 69258 | Dis:5    | Killed an ancient lich
 69266 | Dis:5    | Killed a dread lich
 69756 | Dis:7    | Entered Level 7 of the Iron City of Dis
 70002 | Dis:7    | Noticed a juggernaut
 70010 | Dis:7    | Killed a juggernaut
 70017 | Dis:7    | Identified the +10 short sword of the Pit {drain, rPois
                  | Str+2}
 70030 | Dis:7    | Identified the +2 ring mail "Pemuimni" {Int+4 Dex+4}
 70616 | Dis:7    | Noticed a juggernaut
 70621 | Dis:7    | Killed a juggernaut
 70622 | Dis:7    | Noticed Dispater
 70631 | Dis:7    | Killed Dispater
 70688 | Dis:7    | Got an iron rune of Zot
 70689 | Dis:7    | Identified the staff "Enarown" {rElec rPois Str+2 Hexes
                  | Air}
 70692 | Dis:7    | Identified the staff of the Freezing God {Int+2 Conj Air}
 70891 | Hell     | Found a gateway to the freezing wastes of Cocytus.
 70900 | Coc:1    | Entered Level 1 of Cocytus
 71080 | Coc:6    | Noticed a dread lich
 71088 | Coc:6    | Killed a dread lich
 71102 | Coc:7    | Entered Level 7 of Cocytus
 71184 | Coc:7    | Noticed the Serpent of Hell
 71200 | Coc:7    | Killed the Serpent of Hell
 71366 | Coc:7    | Noticed Antaeus
 71388 | Coc:7    | Killed Antaeus
 71394 | Coc:7    | Identified the ring "Urghoala" {rC+ rN+ SInv Stlth+}
 71396 | Coc:7    | Identified the +11 orcbow of Dividends {antimagic, rF+}
 71399 | Coc:7    | Identified the ring "Afourirch" {rPois Str+3}
 71402 | Coc:7    | Got an icy rune of Zot
 71694 | Coc:7    | Paralysed by a wendigo for 1 turns
 71765 | Coc:7    | Identified the +0 ring mail of Vuco {Harm Rampage Dex-5}
 71957 | Hell     | Found a gateway to the ashen valley of Gehenna.
 72108 | Geh:1    | Entered Level 1 of Gehenna
 72115 | Geh:1    | Upgraded the game from 0.32-a0-918-g0f22ef8d61 to
                  | 0.32-a0-921-g04a7ad8e02
 72481 | Geh:4    | Noticed an ancient lich
 72490 | Geh:4    | Killed an ancient lich
 73059 | Geh:7    | Entered Level 7 of Gehenna
 73374 | Geh:7    | Found the +13 sceptre of Asmodeus
 73374 | Geh:7    | Noticed Asmodeus
 73394 | Geh:7    | Killed Asmodeus
 73413 | Geh:7    | Identified the +6 rapier "Lyrehov" {venom, Int+4}
 73420 | Geh:7    | Found the +9 staff of Olgreb {rPois∞}
 73424 | Geh:7    | Identified the staff of Kiprolop {rElec rF+ Str+5 Dex-2
                  | Earth}
 73458 | Geh:7    | Identified the staff "Biwec" {^Drain rPois rN+ Str+2 Conj}
 73466 | Geh:7    | Got an obsidian rune of Zot
 73471 | Geh:7    | Identified the +0 scale mail of Abiz {rF+ Dex+2}
 73959 | Geh:7    | Found the +1 Delatra's gloves {ID++}
 74301 | Zot:1    | Entered Level 1 of the Realm of Zot
 74455 | Zot:4    | Found a shimmering altar of Xom.
 74484 | Zot:5    | Entered Level 5 of the Realm of Zot
 74550 | Zot:5    | Got a prismatic gem with 771 turns to spare
 74554 | Zot:5    | Noticed a dread lich
 74554 | Zot:5    | Noticed an ancient lich
 74554 | Zot:5    | Killed a dread lich
 74557 | Zot:5    | Noticed an ancient lich
 74562 | Zot:5    | Killed an ancient lich
 74567 | Zot:5    | Noticed an orb of fire
 74590 | Zot:5    | Killed an orb of fire
 74591 | Zot:5    | Killed an ancient lich
 74649 | Zot:5    | Noticed an orb of fire
 74649 | Zot:5    | Noticed an orb of fire
 74662 | Zot:5    | Killed an orb of fire
 74672 | Zot:5    | Killed an orb of fire
 74678 | Zot:5    | Noticed an orb of fire
 74689 | Zot:5    | Killed an orb of fire
 75064 | Zot:5    | Got the Orb of Zot
 75416 | Depths:4 | Noticed Uxurchig the pandemonium lord
 75425 | Depths:4 | Paralysed by Uxurchig for 1 turns
 75443 | Depths:4 | Killed Uxurchig the pandemonium lord
 76038 | D:$      | Escaped with the Orb!

Illustrated notes

Levels and vault maps discovered:
D:1:      minmay_arrival_three_doors, layout_loops_cross, minivault_5
D:2:      wad_river_or_something, layout_basic, uniq_natasha
D:3:      layout_basic, chequers_ecumenical_altar_grove
D:4:      corexii_shantytown, layout_layer_cave, serial_shops, shop,
          minmay_misc_feat_four_crosses
D:5:      kennysheep_six_static_rooms, layout_basic,
          nicolae_twisty_statue_hallways, uniq_edmund, uniq_crazy_yiuf_cottage
D:6:      layout_basic, temple_pool_b, portal_sewer_entry_e, serial_shops, shop
D:7:      layout_cave_pools, nicolae_wu_jian_immortal_techniques, serial_shops,
          nicolae_shop_window_shopping
D:8:      layout_layer_cave, nicolae_dithmenos_shadow_blocks,
          general_overflow_altar, uniq_amaemon
D:9:      layout_basic, nicolae_tso_carved_into_rock,
          mainiacjoe_overflow_brackets, trog_wizard, david_lair_shrubbed,
          ebering_ghost_inner_flame, minmay_puff
D:10:     layout_loops_ring, vehumet_crystals, minmay_misc_feat_plants
D:11:     gammafunk_indiana_jones, layout_cross, david_orc_2,
          minmay_the_grid_2x2 [minmay_the_grid_holed_spiral,
          minmay_the_grid_stretched_grid, minmay_the_grid_pillar_ring,
          minmay_the_grid_prize_trominoes], uniq_lodul, uniq_harold
D:12:     layout_irregular_city, grunt_ministairs_5, minmay_rotating_lava
D:13:     layout_basic, erik_vaults_1, uniq_josephine
D:14:     layout_roguey, minmay_crystal_room, nicolae_lava_and_water,
          grunt_ministairs_6, kennysheep_generic_room_8
D:15:     hangedman_depths_entry_try_elsewhere_first, layout_gridville,
          gammafunk_ghost_abyssal_escape
Temple:   hellmonk_temple_divided_pantheon
Lair:1:   layout_cellular_growth, serial_bayou_ford_a,
          dreamdust_mushroom_princess, minmay_lair_oklob_bushes
Lair:2:   layout_cave_pods, skrybe_swamp_entry_bodies, lemuel_fruit_fields
Lair:3:   cheibrodos_magma_flow, layout_cave_pods, spider_nest_entry_webs
Lair:4:   layout_loops_ring, grunt_megastairs_2
Lair:5:   grunt_lair_end_beastmaster, layout_regular_city,
          minmay_slime_entry_jelly_boxes, grunt_megastairs_5, uniq_sonja
Swamp:1:  layout_basic_swamp, serial_swamp_ruin, evilmike_swamp_ruin_house_2,
          evilmike_swamp_ruin_house_4, evilmike_swamp_ruin_house_3, swamp_pool_5
Swamp:2:  layout_basic_swamp, nicolae_swamp_round_clearing,
          infiniplex_staircase_pool, nicolae_swamp_decorative_isthmus,
          nicolae_swamp_tree_isthmus
Swamp:3:  nzn_winding_woodlands_medium [nzn_winding_woodlands_5x5_default,
          nzn_winding_woodlands_5x15_zeroes, nzn_winding_woodlands_5x5_cross,
          nzn_winding_woodlands_5x5_perimeter,
          nzn_winding_woodlands_center_diamonds,
          nzn_winding_woodlands_5x5_closed_star,
          nzn_winding_woodlands_5x5_default,
          nzn_winding_woodlands_5x15_pathside_ponds,
          nzn_winding_woodlands_hourglass], layout_basic_swamp,
          nicolae_swamp_tree_designs, nicolae_swamp_necromancy_gone_wrong,
          uniq_mlioglotl
Swamp:4:  byrel_swamp_growth_death_and_undeath, layout_basic_swamp,
          swamp_pool_1_2
Spider:1: nicolae_spider_mines_2, nicolae_spider_eight_legs
Spider:2: nicolae_spider_brood_tunnel
Spider:3: layout_spider_delve, ebering_ghost_disaster_area
Spider:4: spider_rune_water, uniq_bai_suzhen
Slime:1:  layout_caves
Slime:2:  layout_caves, cheibrodos_slime_lost_civilization_4
Slime:3:  layout_caves
Slime:4:  layout_caves
Slime:5:  slime_pit_nicolae_jellycorners
Orc:1:    layout_caves, uniq_maurice
Orc:2:    st_orc_open, layout_diamond_mine
Elf:1:    elf_arrival_001, layout_loops_corners, serial_shops,
          nicolae_shop_drivethru, ebering_ghost_disaster_area,
          nicolae_elf_blasts_and_bolts
Elf:2:    nicolae_elf_blades_crystal_corner, layout_rooms, serial_shops,
          nicolae_shop_gibbet_a_chance, gammafunk_ghost_grave,
          nicolae_elf_martial_mastery, lemuel_upstairs_altar, uniq_asterion
Elf:3:    minmay_elf_hall_not_hex, layout_onion_city, uniq_nikola
Vaults:1: hellmonk_ghost_big_iron, nicolae_vaults_diffraction_hallways,
          vaults_room_door_ring, nicolae_vaults_trapezoid_lopsided_1,
          nicolae_vaults_shrinking_rooms_2, nicolae_vaults_house_1,
          vaults_mumra_hex, vaults_room_fours, vaults_room_grunt_arrival_ludios,
          nicolae_vaults_house_2, v_alt_pattern_6, v_rooms_3,
          ontoclasm_vaults_shuriken, layout_vaults_omnibox, serial_shops,
          nicolae_shop_window_shopping, uniq_norris, uniq_aizul
Vaults:2: gammafunk_ghost_ooze, v_misc_24, nicolae_vaults_diamond_1, v_misc_12,
          v_misc_8, nicolae_vaults_closet_pinwheel_1,
          nicolae_vaults_network_star, nicolae_vaults_gold_heap,
          hangedman_vaults_cutoff, nicolae_vaults_trapezoid_3,
          nicolae_vaults_library_corner, hangedman_vaults_cutoff,
          vaults_dpeg_hooks, layout_vaults_omnicross, serial_shops, statue_bzr
Vaults:3: minmay_crypt_entry_necro_gods, hangedman_vaults_capsules, v_misc_12,
          ontoclasm_vaults_decontamination, nicolae_vaults_storage_closets_2,
          vaults_room_corners, nicolae_vaults_closet_pinwheel_4,
          vaults_room_pool, vaults_room_semicircle,
          vaults_mumra_minichess_inversion, layout_vaults_big_room,
          serial_shops, shop
Vaults:4: nicolae_vaults_offset_grid_hallway_4, st_star, nicolae_vaults_heist,
          grunt_vaults_trifunnel, nicolae_vaults_little_squares_3,
          nicolae_vaults_diamond_1, layout_vaults_omnigrid, serial_shops, shop,
          nicolae_shop_just_a_little_nook, shop, nicolae_shop_waterfront
Vaults:5
Crypt:1:  cheibrodos_crypt_eye_of_stone, layout_chaotic_city,
          hangedman_blasphemy, uniq_margery
Crypt:2:  layout_rooms, basic_altar
Crypt:3:  grunt_crypt_end_deaths_head
Tomb:1
Tomb:2
Tomb:3
Depths:1: layout_cave_pools, hell_entry, minmay_room_of_horrors,
          nzn_life_drinkers
Depths:2: kennysheep_scales, layout_cave_pools, serial_bayou_pond_e, pan_entry,
          hell_entry, serial_shops, nicolae_shop_pleasant_corner_grove
Depths:3: kennysheep_demon_jail, layout_cave_pools, enter_ziggurat_d,
          okawaru_gym_becter, abyss_entry, hangedman_coc_ice_floe,
          infiniplex_staircase_river
Depths:4: grunt_zot_entry_tricorne, layout_long_grid, hell_entry,
          minmay_shop_star
Hell
Dis:1:    layout_jigsaw
Dis:2:    layout_gridville
Dis:3:    layout_gridville
Dis:4:    layout_jigsaw
Dis:5:    layout_jigsaw, nicolae_dis_liches_on_tour
Dis:6:    layout_subdivisions
Dis:7:    dis_st
Geh:1:    layout_gehenna_lava_caves
Geh:2:    layout_gehenna_pools_box
Geh:3:    layout_gehenna_pools_triple
Geh:4:    layout_gehenna_pools_box
Geh:5:    layout_gehenna_pools_triple, nicolae_geh_sunburst
Geh:6:    layout_gehenna_lava_caves
Geh:7:    geh_mu
Coc:1:    nicolae_hells_demon_pit, layout_cocytus_water_paths
Coc:2:    layout_ice_bergs
Coc:3:    layout_ice_bergs, nicolae_coc_statues_of_limitations
Coc:4:    layout_cocytus_water_paths
Coc:5:    layout_cocytus_water_paths
Coc:6:    layout_ice_bergs
Coc:7:    coc_grunt
Tar:1:    layout_grid_maze
Tar:2:    layout_catacombs
Tar:3:    layout_honeycomb
Tar:4:    layout_cathedral_of_symmetry, nicolae_tar_four_comb_rooms
Tar:5:    layout_grid_maze
Tar:6:    layout_grid_maze
Tar:7:    tar_old
Zot:1:    layout_cathedral_of_symmetry
Zot:2:    layout_cathedral_of_symmetry, regret_index_zotdec_slimy_original,
          hangedman_zot_wheel_spokes, nicolae_transporter_intersection
Zot:3:    layout_gridlike, st_small_dragon_hoard_1
Zot:4:    nicolae_zot_draconian_monastery, layout_misc_corridors,
          regret_index_zotdec_serpentine_scales, hangedman_zot_decor_scrapings
Zot:5:    layout_misc_corridors

Skill      XL: |  1  2  3  4  5  6  7  8  9 10 11 12 13 14 15 16 17 18 19 20 21 22 23 24 25 26 27 |
---------------+----------------------------------------------------------------------------------+-----
Unarmed Combat | 3 4 5 6 7 9 11 13 14 15 16 17 18 19 20 27 | 27.0
Dodging        | 4 6 7 9 10 11 12 13 14 15 17 26 | 26.7
Armour         | 3 5 7 8 9 10 11 12 13 14 15 26 | 26.2
Shields        | 3 5 7 8 9 10 11 12 13 14 15 25 | 25.7
Fighting       | 5 6 8 9 11 12 13 14 15 16 19 27 | 27.0
Shapeshifting  | 9 14 17 20 23 25 | 25.8
Spellcasting   | 3 11 12 13 | 13.3
Translocations | 2 8 10 11 18 | 18.6
Air Magic      | 2 8 9 |  9.0
Throwing       | 8 |  8.2

Action                     |  1- 3 |  4- 6 |  7- 9 | 10-12 | 13-15 | 16-18 | 19-21 | 22-24 | 25-27 || total
---------------------------+-------+-------+-------+-------+-------+-------+-------+-------+-------++-------
  Melee: Unarmed           |   109 |    67 |   339 |   516 |  1538 |  2056 |  2333 |  2070 |  9785 || 18813
         Headbutt          |     7 |    19 |    72 |   161 |   397 |   491 |   659 |   698 |  2967 ||  5471
  Throw: Dart              |       |       |     1 |     2 |       |       |       |       |     3 ||     6
   Cast: Vhi's Electric Ch |       |       |       |       |       |       |       |       |    27 ||    27
         Manifold Assault  |       |       |       |       |       |       |       |       |     5 ||     5
 Invoke: Serpent's Lash    |       |       |       |     2 |     1 |     3 |     9 |     5 |    12 ||    32
         Heavenly Storm    |       |       |       |       |     2 |     5 |     4 |     5 |    29 ||    45
Ability: Whirlwind         |       |       |    23 |    69 |   405 |   586 |  1067 |   897 |  3781 ||  6828
         Lunge             |       |       |    11 |    43 |    84 |   111 |   137 |   151 |   642 ||  1179
         Wall Jump         |       |       |       |       |       |       |     2 |       |     2 ||     4
         Siphon Essence    |       |       |       |       |       |       |       |     1 |       ||     1
  Evoke: Wand              |       |     1 |     2 |       |     1 |     8 |       |     2 |     2 ||    16
         Phantom mirror    |       |       |       |       |       |       |       |       |     1 ||     1
         Figurine of a zig |       |       |       |       |       |       |       |       |     1 ||     1
    Use: Scroll            |       |       |    12 |    10 |     8 |     6 |     9 |     5 |    31 ||    81
         Potion            |       |       |       |     1 |     3 |     1 |     2 |     6 |     8 ||    21
   Stab: Invisible         |       |       |     2 |       |       |       |       |       |       ||     2
         Paralysed         |       |       |       |       |     1 |       |       |       |     1 ||     2
         Petrified         |       |       |       |       |     3 |       |       |       |       ||     3
         Distracted        |       |       |       |       |       |       |       |       |     3 ||     3
         Confused          |       |       |       |       |       |       |       |       |     1 ||     1
 Armour: Robe              |    58 |       |       |       |       |       |       |       |       ||    58
         Leather armour    |    23 |    10 |       |       |       |       |       |       |       ||    33
         Ring mail         |       |    24 |    21 |       |       |       |       |       |       ||    45
         Chain mail        |       |       |   198 |     9 |   214 |  1154 |   674 |       |       ||  2249
         Acid dragon scale |       |       |       |   198 |       |       |       |       |       ||   198
         Scale mail        |       |       |       |    24 |   483 |       |       |       |       ||   507
         Gold dragon scale |       |       |       |       |       |       |   181 |   584 |       ||   765
         Fire dragon scale |       |       |       |       |       |       |       |   127 |  2465 ||  2592
  Dodge: Dodged            |    74 |    25 |    75 |   185 |   659 |   884 |   611 |   486 |  3175 ||  6174
         Repelled          |       |       |       |       |       |    68 |    98 |    88 |   189 ||   443
  Block: Buckler           |       |       |       |    13 |   418 |   875 |   107 |       |       ||  1413
         Reflection        |       |       |       |       |       |    38 |    41 |       |    75 ||   154
         Kite shield       |       |       |       |       |       |       |   868 |   715 |  1885 ||  3468
         Tower shield      |       |       |       |       |       |       |       |       |  3591 ||  3591
   Form: Death             |       |       |       |       |       |       |       |     2 |     5 ||     7
                           |       |       |       |       |       |       |       |     1 |     5 ||     6

Table legend: (Time is in decaauts)
 A = Elapsed time spent in this place.
 B = Non-inter-level travel time spent in this place.
 C = Inter-level travel time spent in this place.
 D = Time resting spent in this place.
 E = Time spent auto-exploring this place.
 F = Levels seen in this place.
 G = Mean time per level.
                   A        B        C        D        E       F      G
               +--------+--------+--------+--------+--------+-----+--------+
         Total |  74660 |  67018 |   7642 |   1608 |  44465 | 134 |  557.2 |
       Dungeon |  17756 |  14541 |   3215 |    350 |  11657 |  15 | 1183.7 |
        Temple |     12 |      6 |      6 |      0 |      0 |   1 |   12.0 |
          Lair |   6457 |   5782 |    675 |     71 |   4544 |   5 | 1291.4 |
         Swamp |   3422 |   3094 |    328 |    140 |   2085 |   4 |  855.5 |
   Spider Nest |   3656 |   3516 |    140 |     95 |   2307 |   4 |  914.0 |
    Slime Pits |   1020 |    939 |     81 |    222 |    264 |   5 |  204.0 |
  Orcish Mines |    990 |    780 |    210 |      0 |    595 |   2 |  495.0 |
   Elven Halls |   3921 |   3696 |    225 |      0 |   2774 |   3 | 1307.0 |
        Vaults |   7123 |   6111 |   1012 |     17 |   4313 |   5 | 1424.6 |
         Crypt |   2669 |   2368 |    301 |     18 |   1573 |   3 |  889.7 |
          Tomb |   2129 |   1886 |    243 |      0 |    884 |   3 |  709.7 |
        Depths |   4353 |   3827 |    526 |    323 |   2332 |   4 | 1088.2 |
          Hell |    649 |    567 |     82 |      0 |    309 |   1 |  649.0 |
           Dis |   1801 |   1654 |    147 |     29 |    983 |   7 |  257.3 |
       Gehenna |   1981 |   1737 |    244 |      0 |   1111 |   7 |  283.0 |
       Cocytus |    887 |    828 |     59 |      0 |    350 |   7 |  126.7 |
      Tartarus |   1378 |   1331 |     47 |      0 |    869 |   7 |  196.9 |
           Zot |   1042 |    945 |     97 |      0 |    340 |   5 |  208.4 |
         Abyss |   1549 |   1549 |      0 |      9 |    660 |   4 |  387.2 |
   Pandemonium |   8332 |   8332 |      0 |    320 |   5145 |  13 |  640.9 |
      Ziggurat |   3246 |   3246 |      0 |     14 |   1176 |  27 |  120.2 |
        Bazaar |     91 |     91 |      0 |      0 |     57 |   1 |   91.0 |
         Sewer |    188 |    188 |      0 |      0 |    134 |   1 |  188.0 |
               +--------+--------+--------+--------+--------+-----+--------+

Top non-repeatable levels by time:
  Lair:3: 1789 daAuts
    D:12: 1753 daAuts
  Lair:5: 1673 daAuts
Vaults:1: 1641 daAuts
Vaults:4: 1491 daAuts
     D:4: 1476 daAuts
Vaults:3: 1425 daAuts
Vaults:2: 1414 daAuts
     D:5: 1376 daAuts
   Elf:3: 1350 daAuts
   Elf:1: 1332 daAuts
 Abyss:3: 1330 daAuts
     D:9: 1327 daAuts
    D:11: 1297 daAuts
    D:13: 1251 daAuts
